 Dungeon Crawl Stone Soup version 0.23-a0-622-g59b4ea9 (webtiles) character file.

1190248 Mgcat the Executioner (level 27, -27/195 HPs)
             Began as a Demonspawn Berserker on Dec 22, 2018.
             Was the Champion of Makhleb.
             Killed from afar by Cerebov (76 damage)
             ... with an iron shot
             ... in Pandemonium on Dec 23, 2018.
             The game lasted 05:11:23 (105825 turns).

Mgcat the Executioner (Demonspawn Berserker)      Turns: 105825, Time: 05:11:24

Health: -27/195    AC: 45    Str: 29    XL:     27
Magic:  0/38       EV: 15    Int: 14    God:    Makhleb [******]
Gold:   8433       SH:  0    Dex: 14    Spells: 23/57 levels left

rFire    + + .     SeeInvis .   j - +8 executioner's axe "Utegu" {chop, +Blink rC+ Int+4 Stlth+}
rCold    + + +     Gourm    .   (shield currently unavailable)
rNeg     + + .     Faith    .   T - +11 gold dragon scales
rPois    +         Spirit   +   (helmet unavailable)
rElec    +         Reflect  .   W - -1 cloak of Light {rN+ rCorr Stlth-}
rCorr    +         Harm     .   g - +2 pair of gloves {Str+3}
MR       ++...                  z - +0 pair of boots "Hydus" {+Fly Str+4 Stlth+}
Stlth    ++++......             P - amulet "Sisoim Fuen" {Spirit rC+ Int-4 Stlth+}
HPRegen  0.42/turn              w - ring of protection from fire {rF+, !d}
MPRegen  0.26/turn              U - ring of Foc Imea {rElec Str-5 Int+3 Slay+5 Stlth-}

@: resistant, fire vulnerable
A: horns 3, talons 1, slimy green scales 3, clever 1, clumsy 1, cold resistance
1, frail 2, icemail, low mp 1, negative energy resistance 1, nightstalker 3, 50%
torment resistance, wild magic 1, black mark, freezing cloud immunity
}: 11/15 runes: decaying, serpentine, slimy, silver, iron, obsidian, icy, bone,
abyssal, demonic, magical
a: Minor Destruction, Lesser Servant of Makhleb, Major Destruction, Greater
Servant of Makhleb, Renounce Religion, Evoke Blink, Evoke Flight


You were in Pandemonium.
You worshipped Makhleb.
Makhleb was exalted by your worship.
You were not hungry.

You visited 17 branches of the dungeon, and saw 86 of its levels.
You visited Pandemonium 1 time, and saw 13 of its levels.
You visited the Abyss 3 times.
You also visited: Ice Cave.

You collected 13838 gold pieces.
You spent 5405 gold pieces at shops.

Inventory:

Hand Weapons
 j - the +8 executioner's axe "Utegu" (weapon) {chop, +Blink rC+ Int+4 Stlth+}
   (You found it on level 7 of Tartarus)

   It inflicts extra damage upon your enemies.
   It affects your intelligence (+4).
   It protects you from cold.
   It lets you blink.
   It makes you more stealthy.
 I - a +9 vampiric executioner's axe {!w}
   (Trog gifted it to you on level 11 of the Dungeon)
Missiles
 y - 7 throwing nets {=f, !d}
Armour
 g - a +2 pair of gloves of strength (worn)
   (You acquired it on level 2 of the Lair of Beasts)
 z - the +0 pair of boots "Hydus" (worn) {+Fly Str+4 Stlth+}
   (You found it on level 3 of the Elven Halls)

   It affects your strength (+4).
   It lets you fly.
   It makes you more stealthy.
 T - +11 gold dragon scales (worn)
   (You bought it in a shop on level 13 of the Dungeon)
 W - the -1 cloak of Light (worn) {rN+ rCorr Stlth-}
   (You found it on level 5 of the Pits of Slime)

   It protects you from negative energy.
   It provides partial protection from all sources of acid and corrosion.
   It makes you less stealthy.
Magical Staves
 l - an uncursed staff of wizardry {wiz+, !a}
   (You found it on level 7 of the Iron City of Dis)
Jewellery
 o - a +2 ring of strength
   (You took it off a balrug in Pandemonium)
 w - a ring of protection from fire (left hand) {rF+, !d}
   (You found it on level 5 of the Vaults)
 E - an uncursed ring of protection from magic {MR+, !d}
   (You found it on level 2 of the Vaults)
 M - the ring of Boekhlua {Str+6 SInv}
   (You took it off a blood saint in Pandemonium)

   [ring of see invisible]

   It affects your strength (+6).
   It lets you see invisible.
 P - the amulet "Sisoim Fuen" (around neck) {Spirit rC+ Int-4 Stlth+}
   (You bought it in a shop on level 2 of the Depths)

   [amulet of guardian spirit]

   It causes incoming damage to be split between your health and magic.
   It affects your intelligence (-4).
   It protects you from cold.
   It makes you more stealthy.
 Q - an uncursed ring of positive energy {rN+}
   (You found it on level 13 of the Dungeon)
 U - the ring of Foc Imea (right hand) {rElec Str-5 Int+3 Slay+5 Stlth-}
   (You bought it in a shop on level 2 of the Depths)

   [ring of attention]

   It affects your strength (-5).
   It affects your intelligence (+3).
   It affects your accuracy and damage with ranged weapons and melee attacks
   (+5).
   It insulates you from electricity.
   It makes you less stealthy.
Wands
 m - a wand of acid (30)
   (You found it on level 8 of the Dungeon)
 B - a wand of clouds (6)
   (You took it off a naga on level 4 of the Snake Pit)
 F - a wand of digging (1)
   (You found it on level 1 of the Realm of Zot)
 L - a wand of iceblast (56)
   (You found it in an ice cave)
 Z - a wand of scattershot (4)
   (You took it off a monstrous demonspawn in Pandemonium)
Scrolls
 a - 6 scrolls of silence
 e - 11 scrolls of fog
 h - 41 scrolls of identify
 k - 35 scrolls of teleportation
 r - 25 scrolls of remove curse
 u - 8 scrolls of blinking {!r}
 x - a scroll of enchant weapon
 G - 2 scrolls of amnesia
 J - 13 scrolls of fear
 K - 5 scrolls of magic mapping {!r}
Potions
 b - 5 potions of ambrosia
 d - 5 potions of haste
 f - 14 potions of magic
 i - 9 potions of agility
 p - 20 potions of lignification {!q}
 q - 7 potions of heal wounds
 s - 4 potions of might
 t - 21 potions of flight
 C - 2 potions of invisibility
 H - 2 potions of resistance
 N - 22 potions of curing
 R - 15 potions of cancellation
 S - 3 potions of mutation {!q}
Miscellaneous
 n - a lamp of fire
   (You found it on level 3 of the Vaults)
 v - 7 sacks of spiders
 A - a phial of floods
   (You found it on level 7 of Cocytus)
 O - a lightning rod (4/4)
   (You found it on level 2 of the Depths)
 V - 2 phantom mirrors
 X - a fan of gales
   (You found it on level 7 of Cocytus)
 Y - a box of beasts
Comestibles
 c - 60 rations


   Skills:
 + Level 25.9 Fighting
 - Level 26.1 Axes
 + Level 21.5 Armour
 + Level 16.7 Dodging
 - Level 20.0 Stealth
 + Level 15.5 Spellcasting
 + Level 15.7 Hexes
 + Level 15.6 Charms
 + Level 18.0 Necromancy
 + Level 4.2 Translocations
 + Level 14.7 Air Magic
 + Level 14.6 Earth Magic
 - Level 15.0 Invocations
 - Level 10.0 Evocations


You had 23 spell levels left.
You knew the following spells:

 Your Spells              Type           Power        Failure   Level  Hunger
a - Regeneration          Chrm/Necr      ######....   1%          3    None
b - Deflect Missiles      Chrm/Air       ######....   24%         6    ######.
c - Invisibility          Hex            ######..     19%         6    ######.
d - Borgnjor's Vile Clut  Necr/Erth      ######....   3%          5    ####...
e - Death Channel         Necr           ######....   9%          6    ######.
f - Controlled Blink      Tloc           N/A          100%        8    #######

Your spell library contained the following spells:

 Spells                   Type           Power        Failure   Level  Hunger
 Animate Skeleton         Necr           N/A          1%          1    None
 Confusing Touch          Hex            ######       1%          1    None
 Corona                   Hex            ######.      1%          1    None
 Pain                     Necr           ####         1%          1    None
 Slow                     Hex            ######..     1%          2    None
 Sublimation of Blood     Necr           ######....   1%          2    None
 Swiftness                Chrm/Air       ######..     1%          2    None
 Confuse                  Hex            ######..     1%          3    None
 Tukima's Dance           Hex            ######..     1%          3    None
 Vampiric Draining        Necr           ######....   1%          3    None
 Animate Dead             Necr           N/A          1%          4    ##.....
 Cause Fear               Hex            ######....   1%          4    ##.....
 Shroud of Golubria       Chrm/Tloc      ######....   2%          2    None
 Airstrike                Air            ######....   2%          4    ##.....
 Shock                    Conj/Air       ####         4%          1    None
 Portal Projectile        Hex/Tloc       ######       4%          3    None
 Ensorcelled Hibernation  Hex/Ice        #####.       5%          2    None
 Silence                  Hex/Air        ######....   5%          5    ####...
 Dazzling Spray           Conj/Hex       #####.       10%         3    None
 Inner Flame              Hex/Fire       #####...     10%         3    None
 Summon Guardian Golem    Hex/Summ       #####...     10%         3    None
 Ozocubu's Armour         Chrm/Ice       #####...     11%         3    None
 Static Discharge         Conj/Air       #####...     12%         3    None
 Apportation              Tloc           ####..       14%         1    None
 Darkness                 Hex            ######....   19%         6    ######.
 Blink                    Tloc           N/A          21%         2    None
 Mephitic Cloud           Conj/Pois/Air  ####....     30%         3    None
 Fulminant Prism          Conj/Hex       #####.....   30%         4    ##.....
 Petrify                  Tmut/Erth      #####...     34%         4    ##.....
 Summon Lightning Spire   Summ/Air       #####...     34%         4    ##.....
 Gell's Gravitas          Tloc           ####......   36%         3    None
 Lesser Beckoning         Tloc           ####......   36%         3    None
 Teleport Other           Tloc           ####....     36%         3    None
 Bolt of Draining         Conj/Necr      #####.....   45%         5    ####...
 Beastly Appendage        Tmut           ##....       58%         1    None
 Flame Tongue             Conj/Fire      ##...        58%         1    None
 Freeze                   Ice            ##..         58%         1    None
 Magic Dart               Conj           ##..         58%         1    None
 Summon Butterflies       Summ           ##......     58%         1    None
 Summon Small Mammal      Summ           ##..         58%         1    None
 Iskenderun's Battlesphe  Conj/Chrm      #####...     61%         5    ####...
 Metabolic Englaciation   Hex/Ice        #####.....   61%         5    ####...
 Summon Mana Viper        Hex/Summ       #####...     61%         5    ####...
 Yara's Violent Unravell  Hex/Tmut       #####.....   61%         5    ####...
 Recall                   Summ/Tloc      N/A          65%         3    None
 Lightning Bolt           Conj/Air       #####.....   67%         5    ####...
 Call Imp                 Summ           ##......     71%         2    None
 Searing Ray              Conj           ##....       71%         2    None
 Sticks to Snakes         Tmut           ##......     71%         2    None
 Throw Flame              Conj/Fire      ##....       71%         2    None
 Throw Frost              Conj/Ice       ##....       71%         2    None
 Passage of Golubria      Tloc           N/A          75%         4    ##.....
 Call Canine Familiar     Summ           ##......     90%         3    None
 Conjure Flame            Conj/Fire      ##......     90%         3    None
 Ignite Poison            Fire/Tmut/Pois ##......     90%         3    None
 Spider Form              Tmut/Pois      ##........   90%         3    None
 Bolt of Magma            Conj/Fire/Erth ####......   94%         5    ####...
 Force Lance              Conj/Tloc      ###.....     95%         4    ##.....
 Simulacrum               Ice/Necr       #####.....   95%         6    ######.
 Conjure Ball Lightning   Conj/Air       #####.....   99%         6    ######.
 Iron Shot                Conj/Erth      #####.....   99%         6    ######.
 Statue Form              Tmut/Erth      #####....    99%         6    ######.
 Ice Form                 Ice/Tmut       ##......     100%        4    ##.....
 Iskenderun's Mystic Bla  Conj           ##......     100%        4    ##.....
 Sticky Flame             Conj/Fire      ##......     100%        4    ##.....
 Summon Ice Beast         Ice/Summ       ##......     100%        4    ##.....
 Throw Icicle             Conj/Ice       ##......     100%        4    ##.....
 Alistair's Intoxication  Tmut/Pois      ##......     100%        5    ####...
 Blade Hands              Tmut           ##........   100%        5    ####...
 Fireball                 Conj/Fire      ##........   100%        5    ####...
 Irradiate                Conj/Tmut      ##........   100%        5    ####...
 Venom Bolt               Conj/Pois      ##........   100%        5    ####...
 Bolt of Cold             Conj/Ice       ##........   100%        6    ######.
 Bolt of Fire             Conj/Fire      ##........   100%        6    ######.
 Dispersal                Tloc           ####......   100%        6    ######.
 Freezing Cloud           Conj/Ice/Air   ####......   100%        6    ######.
 Hydra Form               Tmut           ##........   100%        6    ######.
 Ozocubu's Refrigeration  Ice            ##........   100%        6    ######.
 Shadow Creatures         Summ           N/A          100%        6    ######.
 Dragon Form              Tmut           ##........   100%        7    #######
 Orb of Destruction       Conj           ##........   100%        7    #######
 Spellforged Servitor     Conj/Summ      ##........   100%        7    #######
 Discord                  Hex            ######....   100%        8    #######
 Disjunction              Tloc           ####......   100%        8    #######
 Ignition                 Fire           ##........   100%        8    #######
 Dragon's Call            Summ           ##........   100%        9    #######
 Shatter                  Erth           ######....   100%        9    #######
 Tornado                  Air            ######....   100%        9    #######


Dungeon Overview and Level Annotations

Branches:
Dungeon (15/15)            Temple (1/1) D:5            Lair (6/6) D:11
  Swamp (4/4) Lair:3        Snake (4/4) Lair:2        Slime (5/5) Lair:5
    Orc (2/2) D:9             Elf (3/3) Orc:2        Vaults (5/5) D:14
  Crypt (3/3) Vaults:2       Tomb (0/3) Crypt:3      Depths (5/5) D:15
   Hell (1/1)                 Dis (7/7) Hell            Geh (7/7) Hell
    Coc (7/7) Hell            Tar (7/7) Hell            Zot (4/5) Depths:5

Altars:
Ashenzari
Cheibriados
Dithmenos
Elyvilon
Fedhas
Gozag
Hepliaklqana
Kikubaaqudgha
Makhleb
Nemelex Xobeh
Okawaru
Qazlal
Ru
Sif Muna
Trog
Uskayaw
Vehumet
Wu Jian
Xom
Yredelemnul
Zin
The Shining One
Beogh
Jiyva

Shops:
D:9 !   D:11 *   D:13 ?[[*%   Orc:2 (*([=   Vaults:5 =}   Depths:2 =}*=(*[?}?
Depths:5 %

Portals:
Hell: Depths:1 Depths:2 Depths:3 Depths:4 Depths:5
Abyss: Depths:1 Depths:3 Depths:4
Pandemonium: Depths:3 Depths:4 Depths:5
Ziggurat: Depths:2

Annotations:
D:3 exclusion: upstairs
Depths:2 4 exclusions
Depths:4 3 runed doors, exclusion: door, Mgcat's ghost, veteran HOGl
Pan Cerebov


Innate Abilities, Weirdness & Mutations

You have a pair of large horns on your head.
You are completely covered in slimy green scales. (AC +4, rPois)
Your flesh is cold resistant. (rC+)
A meltable icy envelope protects you from harm. (AC +0)
You resist negative energy. (rN+)
You are completely attuned to the shadows.
You are somewhat able to resist unholy torments (1 in 2 success).
Your melee attacks may debilitate your foes.
You are immune to freezing clouds.
You have sharp toenails.
Your mind is acute. (Int +2)
You are clumsy. (Dex -2)
You are very frail. (-20% HP)
Your magical capacity is low. (-10% MP)
Your spells are a little harder to cast, but a little more powerful.


Message History

Cerebov, Demon Lord of Fire and Steel comes into view.
It is wielding the +6 Cerebov gestures at your Executioner.
A raging storm of fire appears!
The great blast of fire engulfs your Executioner.
Your Executioner partially resists.
The great blast of fire engulfs you!
Your icy envelope dissipates!
You partially resist.
The great blast of fire engulfs your green death.
Your green death is engulfed in blazing flames.
Your green death dies!
You hear a roar!
You hear a shout! x2 2 fire vortices come into view.
You are engulfed in blazing flames.
You resist.
The fire vortex moves out of view.
Unknown command.
Unknown command.
Unknown command.
Put on which piece of jewellery? (? for menu, Esc to quit)
Okay, then.
Unknown command.
You feel protected.
Unknown command.
Unknown command.
Unknown command.
You hit Cerebov but do no damage. You headbutt Cerebov!!
Cerebov is lightly wounded.
Cerebov hits you with the +6 sword of Cerebov {flame}!!
The sword of Cerebov burns away your fire resistance.
Unknown command.
Unknown command.
You slice Cerebov like a ripe choko!!! Your headbutt misses Cerebov.
Cerebov is lightly wounded.
Cerebov hits you with the +6 sword of Cerebov {flame}!!
Unknown command.
Unknown command.
You slice Cerebov!!
Cerebov is lightly wounded.
Your Executioner hits Cerebov but does no damage. x2
Your Executioner barely misses Cerebov.
You slash Cerebov! You headbutt Cerebov, but do no damage.
Cerebov is lightly wounded.
Your Executioner barely misses Cerebov.
Your Executioner hits Cerebov but does no damage.
Your Executioner hits Cerebov. x2; Your Executioner hits Cerebov!
Your Executioner hits Cerebov but does no damage.
A Brimstone Fiend comes into view.
Cerebov gestures at you. The iron shot hits you!
* * * LOW HITPOINT WARNING * * *
Unknown command.
Unknown command.
Unknown command.
Okay, then.
Unknown command.
Press: ? - help, v - describe, . - travel
Here: Cerebov, wielding the +6 sword of Cerebov {flame} (lightly wounded)
The floor.
Unknown command.
Unknown command.
Unknown command.
Evoke which item? (* to show all) (? for menu, Esc to quit)
Aiming: Phantom Mirror
Press: ? - help, Dir - move target cursor, f - Cerebov
Aim: Cerebov, wielding the +6 sword of Cerebov {flame} (lightly wounded)
You reflect Cerebov with the mirror, and the mirror shatters!
Your Executioner hits Cerebov.
Your Executioner barely misses Cerebov.
Your Executioner hits Cerebov.
Your Executioner barely misses Cerebov.
Your Executioner closely misses Cerebov.
Your Executioner barely misses Cerebov.
Your Executioner hits Cerebov.
Your Executioner hits Cerebov but does no damage. x2
Cerebov gestures.
The Brimstone Fiend calls on the powers of darkness!
Your body is wracked with pain!
* * * LOW HITPOINT WARNING * * *
Cerebov gestures at you.
A raging storm of fire appears!
The great blast of fire engulfs you! You partially resist.
* * * LOW HITPOINT WARNING * * *
The great blast of fire engulfs your Executioner.
Your Executioner partially resists.
Your Executioner dies!
The great blast of fire engulfs Cerebov.
Cerebov partially resists.
The great blast of fire engulfs Cerebov.
Cerebov partially resists.
The great blast of fire engulfs your Executioner.
Your Executioner partially resists.
You hear a shout! x3 2 fire vortices come into view.
Unknown command.
Unknown command.
Unknown command.
Unknown command.
You feel much better.
You are engulfed in blazing flames.
You resist.
Your Executioner is engulfed in blazing flames.
Cerebov drinks a potion.
Cerebov suddenly seems more agile.
Cerebov gestures at you. The iron shot hits you!
You die...

.....# ####
##.......# .....#
##......# .....#
##.....# .....##
##....# ##....#
......# #......≈≈≈≈##
#....#
......###....≈§.....#
####.#
.......'....§≈§#§§v#
#.#
.......'....≈≈§#§§§#
#.#
......)'....§§§#@1§#
#.#
......###....v§§&&§.#
####.# ...)..#
#....1§§§§§## #....#
....)## ##....###≈≈#
##....# .....#
/'...... ### ##.....#
.....# )####...(
##...)..# ...).#
######.. ##.......#
.....#####..###
##...)....#
....).........####
#......)..#


You could see Cerebov, a Brimstone Fiend, 2 fire vortices, the friendly Cerebov
and a friendly Executioner.

Vanquished Creatures
  Asmodeus (Geh:7)
  Antaeus (Coc:7)
  Ereshkigal (Tar:7)
  the Royal Jelly (Slime:5)
  Lom Lobon (Pan)
  A seraph (Pan)
  the Serpent of Hell (Geh:7)
  An orb of fire (Zot:2)
  Dispater (Dis:7)
  3 ancient liches
  Mara (Vaults:5)
  2 juggernauts
  9 pandemonium lords (Pan)
  A shard shrike (shapeshifter) (Vaults:4)
  9 shard shrikes
  A caustic shrike (Depths:3)
  A curse toe (Zot:3)
  Vashnia (Snake:2)
  The ghost of Geloitur the Imperceptible, a veteran SpEE of Dithmenos (Vaults:3)
  Nikola (Vaults:1)
  Geryon (Hell)
  Jory (Crypt:3)
  A profane servitor (Crypt:3)
  6 bone dragons
  7 golden dragons
  32 Tzitzimimeh
  An electric golem (Zot:3)
  7 doom hounds
  11 iron giants
  17 Brimstone Fiends
  Rupert (Lair:5)
  19 Hell Sentinels
  A hellephant (Depths:4)
  15 tentacled monstrosities
  24 Ice Fiends
  3 deep elf blademasters
  4 deep elf master archers (Elf:3)
  5 titans
  14 liches
  4 sphinxes
  10 acid blobs
  5 eldritch tentacles
  6 quicksilver dragons
  11 Executioners
  9 death cobs
  Frances (Swamp:2)
  25 ancient champions
  Kirke (D:14)
  13 shadow dragons
  12 tentacled starspawn
  11 tengu reavers
  9 storm dragons
  2 thorn hunters (Swamp:4)
  Roxanne (Snake:2)
  8 azure jellies
  4 draconian monks
  18 nagarajas
  2 draconian knights
  3 revenants
  6 frost giants
  18 daevas (Pan)
  17 fire giants
  A ghost moth (Zot:3)
  10 iron dragons
  6 deep elf sorcerers
  Aizul (Snake:2)
  Louise (D:14)
  45 balrugs
  8 vault wardens
  A draconian scorcher (Depths:5)
  2 orc warlords (Orc:2)
  17 cacodemons
  3 ghouls
  3 deep elf elementalists
  7 draconian annihilators
  A curse skull (Crypt:1)
  A draconian stormcaller (Zot:2)
  2 war gargoyles (Vaults:5)
  4 draconian shifters
  A caustic shrike skeleton (Depths:3)
  The ghost of Wosoitawn the Eclecticist, an adept DESu of Vehumet (Snake:4)
  26 angels (Pan)
  13 vampire knights
  3 elemental wellsprings
  16 ironheart preservers
  56 stone giants
  9 warmongers (Pan)
  6 blood saints (Pan)
  74 reapers
  41 very ugly things
  7 black suns (Pan)
  3 spriggan defenders
  14 ophanim (Pan)
  5 corrupters (Pan)
  2 entropy weavers (Vaults:4)
  16 apis (Pan)
  11 deep elf annihilators
  9 deep elf demonologists
  11 green draconians
  3 white draconians
  5 lorocyprocas
  11 black draconians
  13 yellow draconians
  5 purple draconians
  4 spark wasps
  18 dire elephants
  12 ettins
  12 red draconians
  28 blizzard demons
  18 deep elf death magi
  Snorg (Lair:4)
  4 quicksilver dragon zombies
  11 fire dragons
  20 green deaths
  25 jiangshi
  2 spectral krakens (Tar:7)
  20 yaktaur captains
  4 death oozes (Slime:5)
  7 deep elf high priests
  29 naga warriors
  13 hydras
  35 vault guards
  14 great orbs of eyes
  3 quicksilver dragon skeletons
  Harold (D:7)
  3 hell beasts
  12 rakshasas
  6 shambling mangroves
  6 centaur warriors
  A spriggan air mage (Depths:4)
  4 ghost crabs
  29 ice dragons
  14 monstrous demonspawn (Pan)
  7 anacondas
  12 ogre magi
  25 dancing weapons
  A catoblepas (D:15)
  10 death knights
  19 alligators
  37 two-headed ogres
  2 death yaks (IceCv)
  8 deep troll earth magi
  10 deep troll shamans
  23 thrashing horrors
  2 tengu warriors
  8 hell hogs
  8 vampire magi
  24 deep elf knights
  68 sun demons
  4 orc high priests (Orc:2)
  2 spriggan berserkers
  6 titan zombies
  18 naga sharpshooters
  18 hell knights
  8 shock serpents
  Sonja (Lair:3)
  5 titan skeletons
  6 storm dragon zombies
  An iron golem (Geh:2)
  60 soul eaters
  119 skeletal warriors
  2 fire crabs (shapeshifter)
  3 shadow wraiths
  Nergalle (Lair:4)
  2 spatial maelstroms (Abyss:3)
  22 iron trolls
  10 swamp dragons
  4 golden dragon zombies
  13 anaconda zombies
  13 cherubim (Pan)
  26 sixfirhies
  14 wretched stars
  6 gelid demonspawn (Pan)
  53 deep trolls
  8 glowing orange brains
  2 death drakes (Tar:7)
  17 flayed ghosts
  6 storm dragon skeletons
  7 infernal demonspawn (Pan)
  9 sea snakes
  A deep troll (shapeshifter) (Vaults:5)
  6 unseen horrors
  2 kraken simulacra
  A spriggan druid (Swamp:2)
  A salamander mystic (Snake:3)
  10 naga ritualists
  26 starcursed masses
  10 torturous demonspawn (Pan)
  4 ghost moth zombies
  23 deep elf archers
  34 shadow demons
  4 wizards
  2 lindwurms (Swamp:4)
  9 mana vipers
  7 harpies (Vaults:1)
  4 anaconda skeletons
  7 shadow dragon zombies
  20 phantasmal warriors
  A harpy (shapeshifter) (Depths:2)
  21 necromancers
  4 shining eyes
  4 wolf spider zombies
  61 deep elf magi
  2 oklob plants (Lair:2)
  5 golden dragon skeletons
  6 iron dragon zombies
  18 orc knights
  5 orc sorcerers
  2 shining eyes (shapeshifter) (Depths:2)
  8 shadow dragon skeletons
  2 manticores (D:15)
  14 ironbrand convokers
  A tengu skeleton (Vaults:3)
  An orb spider (shapeshifter) (D:13)
  11 salamanders
  5 worldbinders
  5 wolf spiders
  48 ugly things
  2 fire giant skeletons
  15 fire giant zombies
  11 frost giant zombies
  5 iron dragon skeletons
  4 human zombies
  A shock serpent zombie (Geh:7)
  A sphinx skeleton (Crypt:1)
  13 elephants
  9 frost giant skeletons
  8 centaur zombies
  32 rust devils
  18 guardian serpents
  8 moths of wrath
  25 cyclopes
  7 stone giant skeletons
  7 stone giant zombies
  3 ice statues
  A black mamba (shapeshifter) (Elf:1)
  A water nymph (shapeshifter) (Vaults:5)
  Maurice (D:9)
  An apocalypse crab (Abyss:4)
  30 black mambas
  8 dire elephant zombies
  20 naga magi
  5 eyes of devastation
  2 gargoyles (D:14)
  20 vault sentinels
  5 dire elephant skeletons
  61 smoke demons
  2 shock serpent skeletons
  17 spiny frogs
  8 molten gargoyles (Geh:7)
  A kobold demonologist (D:15)
  A spriggan skeleton (Depths:1)
  44 hellions
  A minotaur zombie (Geh:7)
  20 orange demons
  A yaktaur zombie (Vaults:5)
  6 centaur skeletons
  16 spectral swamp worms
  A spiny frog (shapeshifter) (Elf:1)
  A catoblepas zombie (Dis:7)
  A yaktaur (shapeshifter) (Vaults:3)
  A green draconian zombie (Crypt:1)
  48 freezing wraiths
  8 efreet
  15 demonic crawlers
  2 emperor scorpion zombies
  7 rime drakes
  9 komodo dragons
  81 yaktaurs
  27 hellwings
  43 ice devils
  41 tormentors
  A sea snake skeleton (Crypt:1)
  11 ancient zymes
  A jumping spider (shapeshifter) (Depths:2)
  A yaktaur skeleton (Vaults:4)
  A queen bee (shapeshifter) (Vaults:2)
  17 hydra zombies
  65 red devils
  A silent spectre (Tar:6)
  2 catoblepas skeletons
  2 harpy zombies
  5 meliai (Abyss:4)
  3 tengu conjurers
  12 tyrant leeches
  A queen bee (Abyss:4)
  104 slime creatures
  12 trolls
  5 hydra skeletons
  19 hornets
  5 ice dragon zombies
  A frost giant simulacrum (Vaults:1)
  A meliai (shapeshifter) (Vaults:5)
  2 wind drakes (shapeshifter)
  26 polar bears
  15 raiju
  A shadow dragon simulacrum (Crypt:1)
  12 blink frogs
  9 bog bodies
  2 stone giant simulacra (Coc:7)
  A guardian serpent zombie (Crypt:1)
  A fire giant simulacrum (Vaults:1)
  2 hippogriffs (shapeshifter)
  A meliai zombie (Crypt:1)
  7 fire dragon zombies
  10 hippogriffs
  6 alligator zombies
  A harpy skeleton (Abyss:3)
  6 dream sheep (Lair:6)
  17 ettin zombies
  5 fire dragon skeletons
  An iron dragon simulacrum (Abyss:3)
  An elf skeleton (Vaults:5)
  7 air elementals
  A centaur simulacrum (D:14)
  14 ettin skeletons
  5 black mamba zombies
  144 flying skulls
  5 ice dragon skeletons
  49 large abominations
  8 water elementals
  A vampire (Abyss:2)
  43 ynoxinuls
  6 redbacks (Vaults:4)
  6 spriggans
  43 yaks
  A tarantella (Vaults:4)
  38 wraiths
  A wyvern (D:8)
  3 elf zombies
  Eustachio (D:6)
  A wyvern (shapeshifter) (Depths:2)
  23 fire elementals
  A human (shapeshifter) (Depths:1)
  34 shadows
  2 alligator skeletons
  5 fire bats
  2 hogs (D:14)
  3 black mamba skeletons
  14 neqoxecs
  A fire bat (shapeshifter) (D:15)
  6 golden eyes
  28 chaos spawn
  2 basilisks
  An emperor scorpion simulacrum (Crypt:1)
  9 vampire mosquitoes
  4 acid dragons
  78 nagas
  A torturous demonspawn zombie (Dis:1)
  9 hungry ghosts
  9 insubstantial wisps (Swamp:2)
  2 merfolk zombies
  7 wargs
  6 spatial vortices (Abyss:3)
  21 swamp worms
  13 water moccasins
  12 spiny frog zombies
  4 hydra simulacra
  5 floating eyes
  59 hell hounds
  A deep troll zombie (Vaults:4)
  7 porcupines
  A floating eye (shapeshifter) (Vaults:3)
  4 swamp dragon zombies
  18 swamp drakes
  A deep troll skeleton (Crypt:2)
  11 black bears
  An infernal demonspawn skeleton (Tar:7)
  11 ice beasts
  3 sky beasts
  19 necrophages
  54 orc warriors
  28 small abominations
  2 phantoms
  2 black bears (shapeshifter)
  3 manticore zombies
  7 eyes of draining
  5 spiny frog skeletons
  An eye of draining (shapeshifter) (Vaults:5)
  54 ogres
  A snapping turtle zombie (Coc:3)
  5 boggarts (Vaults:1)
  A tengu (shapeshifter) (Depths:5)
  25 wolves
  A manticore skeleton (Geh:7)
  A lindwurm skeleton (Crypt:1)
  10 centaurs
  9 snapping turtle skeletons
  A swamp dragon skeleton (Coc:2)
  11 crocodiles
  3 big kobolds
  16 bullfrogs
  2 wyvern zombies
  4 human skeletons
  6 earth elementals
  2 spiny frog simulacra
  3 scorpions
  3 spriggan zombies
  22 killer bees
  A snapping turtle simulacrum (Crypt:3)
  50 wights
  2 howler monkeys
  A troll skeleton (Tar:7)
  12 electric eels
  7 quasits
  19 crimson imps
  2 bullfrog zombies
  3 human simulacra
  2 jellies
  A jelly (shapeshifter) (Vaults:5)
  3 gnoll shamans
  A bullfrog skeleton (D:13)
  28 orc priests
  2 hounds (D:8)
  16 iron imps
  36 orc wizards
  5 iguanas
  6 worker ants
  4 polar bear simulacra (Lair:5)
  A yak simulacrum (Lair:5)
  A killer bee zombie (D:7)
  4 wolf simulacra (Lair:5)
  A naga zombie (Dis:6)
  A sky beast zombie (Crypt:1)
  2 ogre skeletons
  A naga skeleton (Geh:7)
  10 mummies
  2 worker ant zombies
  13 adders
  20 gnolls
  4 river rats (D:6)
  A steam dragon skeleton (Crypt:2)
  9 shadow imps
  15 white imps
  4 ufetubi
  An adder zombie (D:6)
  3 adder skeletons
  3 worms
  3 ball lightnings (Pan)
  3 dart slugs
  7 leopard geckos
  98 orcs
  4 giant cockroaches
  8 hobgoblins
  4 jackals
  23 kobolds
  A quokka (D:4)
  A ball python zombie (Crypt:1)
  5 bats
  7 frilled lizards
  A frilled lizard skeleton (Crypt:2)
  7 goblins
  2 quokka skeletons
  3 rats
  2 river rat simulacra (Lair:5)
  3 briar patches (Swamp:4)
  6 crawling corpses
  3 fungi
  7 plants
  9 starspawn tentacles
  4 tentacles
5087 creatures vanquished.

Vanquished Creatures (collateral kills)
  A Tzitzimitl (Tar:7)
  3 acid blobs (Slime:5)
  A shadow dragon (Tar:7)
  2 azure jellies (Slime:5)
  A draconian monk (Zot:1)
  4 reapers
  2 very ugly things (Depths:1)
  Azrael (Orc:2)
  A yellow draconian (Zot:1)
  A hydra (Lair:6)
  2 two-headed ogres
  A soul eater (Tar:7)
  A skeletal warrior (Dis:7)
  A shadow demon (Tar:7)
  A lindwurm (shapeshifter) (Depths:1)
  An iron dragon zombie (Dis:7)
  An orc knight (Orc:2)
  A manticore (D:14)
  2 shining eyes (Slime:5)
  An oklob plant (Lair:2)
  A spiny frog (Lair:3)
  A hellion (Geh:7)
  A polar bear (Coc:3)
  2 red devils (Geh:7)
  2 hippogriffs (Lair:6)
  2 fire elementals (Orc:2)
  2 wargs (Orc:2)
  5 orc warriors (Orc:2)
  An eye of draining (Slime:5)
  2 crocodiles (Lair:6)
  An orc priest (Orc:2)
  An orc wizard (Orc:2)
  4 orcs (Orc:2)
  A plant (Lair:6)
55 creatures vanquished.

Vanquished Creatures (others)
  Margery (Depths:4)
  An eldritch tentacle (Dis:6)
  A vault warden (Vaults:5)
  2 elemental wellsprings (Coc:7)
  A corrupter (Pan)
  A deep elf annihilator (Elf:3)
  A great orb of eyes (Vaults:1)
  A deep troll shaman (Vaults:1)
  2 hell hogs (Geh:7)
  A naga sharpshooter (Snake:2)
  A wretched star (Abyss:3)
  2 cherubim (Pan)
  A deep troll (Vaults:1)
  2 wizards (Pan)
  A lindwurm (Swamp:4)
  A naga mage (Snake:1)
  A hellion (Pan)
  A smoke demon (Pan)
  A tyrant leech (shapeshifter) (Vaults:5)
  A tyrant leech (Swamp:2)
  A hornet (shapeshifter) (Vaults:5)
  2 wraiths
  A ynoxinul (Pan)
  A chaos spawn (Pan)
  A naga (Snake:4)
  2 orc warriors
  A swamp drake (Swamp:4)
  A crocodile (Lair:6)
  A killer bee (Abyss:4)
  2 iron imps
  13 ball lightnings (Pan)
  A block of ice (Pan)
  89 fungi
  A lurking horror (Abyss:3)
  107 plants
  12 starspawn tentacles
  12 tentacles
272 creatures vanquished.

Grand Total: 5414 creatures vanquished

Notes
Turn   | Place    | Note
-------+----------+-------------------------------------------
     0 | D:1      | Mgcat the Demonspawn Berserker began the quest for the Orb.
     0 | D:1      | Reached XP level 1. HP: 18/18 MP: 1/1
   322 | D:1      | Reached skill level 3 in Axes
   339 | D:1      | Gained mutation: You are partially covered in slimy green
                  | scales. (AC +2) [demonic ancestry]
   339 | D:1      | Reached XP level 2. HP: 19/24 MP: 2/2
   858 | D:2      | Reached XP level 3. HP: 24/29 MP: 3/3
  1059 | D:2      | HP: 8/45 [gnoll/+0 flail (5)]
  1063 | D:2      | Reached skill level 4 in Fighting
  1379 | D:2      | Reached ** piety under Trog
  1379 | D:2      | Gained mutation: You have a pair of small horns on your
                  | head. [demonic ancestry]
  1379 | D:2      | Reached XP level 4. HP: 17/37 MP: 4/4
  1550 | D:2      | Found an opulent altar of Gozag.
  2115 | D:3      | Found an iron altar of Okawaru.
  2168 | D:3      | Found a hazy altar of Hepliaklqana.
  2215 | D:3      | Reached skill level 4 in Axes
  2486 | D:3      | Noticed a bullfrog
  2497 | D:3      | Killed a bullfrog
  2497 | D:3      | Gained mutation: You are slightly more attuned to the
                  | shadows. [demonic ancestry]
  2497 | D:3      | Reached XP level 5. HP: 43/43 MP: 5/5
  2721 | D:3      | Reached skill level 5 in Fighting
  3090 | D:4      | Noticed an ogre
  3103 | D:4      | Killed an ogre
  3103 | D:4      | Reached skill level 5 in Axes
  3103 | D:4      | Gained mutation: You are significantly more attuned to the
                  | shadows. [demonic ancestry]
  3103 | D:4      | Reached XP level 6. HP: 51/51 MP: 6/6
  3246 | D:4      | Found an ancient bone altar of Kikubaaqudgha.
  3677 | D:4      | Found a transporter.
  3917 | D:4      | Found a transporter.
  4097 | D:5      | Entered Level 5 of the Dungeon
  4274 | D:5      | Found a hide-covered altar of Uskayaw.
  4274 | D:5      | Noticed a +0 dagger
  4275 | D:5      | Noticed a +0 hand axe
  4343 | D:5      | Reached skill level 2 in Armour
  4448 | D:5      | Reached *** piety under Trog
  4746 | D:5      | Found a staircase to the Ecumenical Temple.
  5064 | D:6      | Found a sparkling altar of Nemelex Xobeh.
  5085 | D:6      | Reached skill level 6 in Axes
  5085 | D:6      | Gained mutation: Your flesh is cold resistant. (rC+)
                  | [demonic ancestry]
  5085 | D:6      | Reached XP level 7. HP: 45/56 MP: 7/7
  5180 | D:6      | Reached skill level 3 in Armour
  5199 | D:6      | Found a bloodstained altar of Trog.
  5199 | D:6      | Found an iron altar of Okawaru.
  5268 | D:6      | Noticed Eustachio
  5463 | D:6      | Found a white marble altar of Elyvilon.
  5506 | D:6      | Reached skill level 1 in Stealth
  5950 | D:6      | Found a basalt altar of Yredelemnul.
  6216 | D:7      | Noticed Harold
  6229 | D:7      | Killed Harold
  6229 | D:7      | Reached skill level 7 in Axes
  6229 | D:7      | Reached skill level 4 in Armour
  6229 | D:7      | Reached skill level 3 in Stealth
  6229 | D:7      | Gained mutation: You are immune to freezing clouds.
                  | [demonic ancestry]
  6229 | D:7      | Reached XP level 8. HP: 62/62 MP: 8/8
  6355 | D:7      | Reached skill level 5 in Armour
  6355 | D:7      | Reached skill level 4 in Stealth
  6563 | D:7      | Reached **** piety under Trog
  6842 | D:7      | Found a shattered altar of Ashenzari.
  6866 | D:7      | Found a shadowy altar of Dithmenos.
  6871 | D:7      | Found a stormy altar of Qazlal.
  6874 | D:7      | Found a radiant altar of Vehumet.
  6982 | D:8      | Reached skill level 5 in Stealth
  6992 | D:8      | Noticed a two-headed ogre
  7148 | D:8      | Reached skill level 8 in Axes
  7185 | D:8      | Killed a two-headed ogre
  7185 | D:8      | Reached skill level 9 in Axes
  7185 | D:8      | Reached XP level 9. HP: 35/68 MP: 9/9
  7725 | D:8      | Reached skill level 10 in Axes
  8031 | D:6      | Killed Eustachio
  8177 | D:9      | HP: 17/68 [poisoned by a water moccasin]
  8183 | D:9      | HP: 14/68 [poisoned by a water moccasin]
  8190 | D:9      | HP: 13/68 [poisoned by a water moccasin]
  8197 | D:9      | HP: 12/68 [poisoned by a water moccasin]
  8205 | D:9      | HP: 12/68 [poisoned by a water moccasin]
  8484 | D:9      | Reached ***** piety under Trog
  8562 | D:9      | Reached skill level 11 in Axes
  8660 | D:9      | Noticed a troll
  8664 | D:9      | Killed a troll
  8664 | D:9      | Gained mutation: A meltable icy envelope protects you from
                  | harm. (AC +0) [demonic ancestry]
  8664 | D:9      | Reached XP level 10. HP: 31/74 MP: 10/10
  8942 | D:9      | Noticed Maurice
  8953 | D:9      | Killed Maurice
  8965 | D:9      | Found Vifrecif's Distillery.
  8991 | D:9      | Bought a potion of degeneration for 15 gold pieces
  9067 | D:9      | Reached skill level 12 in Axes
  9533 | D:9      | Found a staircase to the Orcish Mines.
  9542 | D:9      | Reached skill level 2 in Dodging
  9598 | D:9      | Found a roughly hewn altar of Beogh.
  9915 | D:10     | Entered Level 10 of the Dungeon
 10059 | D:10     | HP: 27/111 [poisoned by a killer bee]
 10064 | D:10     | HP: 13/74 [poisoned by a killer bee]
 10069 | D:10     | HP: 8/74 [poisoned by a killer bee]
 10075 | D:10     | HP: 5/74 [poisoned by a killer bee]
 10081 | D:10     | HP: 4/74 [poisoned by a killer bee]
 10086 | D:10     | HP: 4/74 [poisoned by a killer bee]
 10443 | D:10     | Reached skill level 3 in Dodging
 10454 | D:10     | HP: 23/114 [yak (8)]
 10455 | D:10     | Reached skill level 6 in Fighting
 10800 | D:10     | Reached skill level 4 in Dodging
 11055 | D:10     | Gained mutation: You have a pair of horns on your head.
                  | [demonic ancestry]
 11055 | D:10     | Reached XP level 11. HP: 83/83 MP: 11/11
 12007 | D:11     | Received a gift from Trog
 12107 | D:11     | Noticed a skeletal warrior
 12108 | D:11     | Noticed a skeletal warrior
 12126 | D:11     | Killed a skeletal warrior
 12126 | D:11     | Reached skill level 7 in Fighting
 12173 | D:11     | Killed a skeletal warrior
 12173 | D:11     | Reached skill level 5 in Dodging
 12205 | D:11     | Noticed a skeletal warrior
 12218 | D:11     | Killed a skeletal warrior
 12500 | D:11     | Reached skill level 13 in Axes
 12557 | D:11     | HP: 23/129 [something (29)]
 12870 | D:11     | Reached skill level 8 in Fighting
 13000 | D:11     | Found a staircase to the Lair.
 13064 | D:11     | Found Axeilok's General Store.
 13127 | D:11     | Noticed a cyan ugly thing
 13136 | D:11     | Killed a cyan ugly thing
 13286 | Lair:1   | Entered Level 1 of the Lair of Beasts
 13429 | Lair:1   | Found a frozen archway.
 13436 | IceCv    | Entered an ice cave
 13640 | IceCv    | Reached skill level 9 in Fighting
 13766 | IceCv    | Reached XP level 12. HP: 77/96 MP: 12/12
 14199 | IceCv    | Reached skill level 10 in Fighting
 14298 | IceCv    | Reached skill level 14 in Axes
 14517 | IceCv    | Noticed a frost giant
 14517 | IceCv    | Noticed a death yak
 14517 | IceCv    | Noticed a death yak
 14524 | IceCv    | Killed a death yak
 14524 | IceCv    | Reached skill level 6 in Stealth
 14531 | IceCv    | Killed a frost giant
 14531 | IceCv    | Reached ****** piety under Trog
 14531 | IceCv    | Received a gift from Trog
 14552 | IceCv    | Killed a death yak
 14552 | IceCv    | Reached skill level 7 in Stealth
 15491 | Lair:2   | Reached skill level 8 in Stealth
 15938 | Lair:2   | Found a staircase to the Snake Pit.
 16361 | Lair:2   | Reached skill level 15 in Axes
 16361 | Lair:2   | Reached XP level 13. HP: 103/103 MP: 13/13
 16881 | Lair:3   | Reached skill level 9 in Stealth
 17299 | Lair:3   | Noticed Sonja
 17332 | Lair:3   | HP: 23/103 [asphyx]
 17338 | Lair:3   | Killed Sonja
 17338 | Lair:3   | HP: 36/154 [poisoned by Sonja]
 17342 | Lair:3   | HP: 14/103 [poisoned by Sonja]
 17347 | Lair:3   | HP: 20/103 [poisoned by Sonja]
 17352 | Lair:3   | HP: 12/103 [poisoned by Sonja]
 17357 | Lair:3   | HP: 8/103 [poisoned by Sonja]
 17362 | Lair:3   | HP: 6/103 [poisoned by Sonja]
 17368 | Lair:3   | HP: 6/103 [poisoned by Sonja]
 17373 | Lair:3   | HP: 6/103 [poisoned by Sonja]
 17934 | Lair:3   | Found a staircase to the Swamp.
 17939 | Lair:3   | Received a gift from Trog
 18250 | Lair:4   | Noticed Nergalle
 18260 | Lair:4   | Killed Nergalle
 18293 | Lair:4   | Noticed Snorg
 18294 | Lair:4   | Reached skill level 10 in Stealth
 18311 | Lair:4   | Killed Snorg
 19164 | Lair:5   | Reached skill level 16 in Axes
 19328 | Lair:5   | Noticed Rupert
 19341 | Lair:5   | Killed Rupert
 19618 | Lair:5   | Found a runed door.
 19619 | Lair:5   | Found a viscous altar of Jiyva.
 19620 | Lair:5   | Noticed an azure jelly
 19620 | Lair:5   | Noticed an azure jelly
 20343 | Lair:6   | Entered Level 6 of the Lair of Beasts
 20623 | Lair:6   | Received a gift from Trog
 20751 | Lair:6   | Gained mutation: You are mostly covered in slimy green
                  | scales. (AC +3) [demonic ancestry]
 20751 | Lair:6   | Reached XP level 14. HP: 110/110 MP: 14/14
 20929 | Lair:6   | Reached skill level 17 in Axes
 22061 | Orc:1    | Entered Level 1 of the Orcish Mines
 22264 | Orc:1    | Received a gift from Trog
 22365 | Orc:1    | Noticed a stone giant
 22383 | Orc:1    | Killed a stone giant
 22626 | Orc:2    | Entered Level 2 of the Orcish Mines
 22626 | Orc:2    | Noticed an orc warlord
 22642 | Orc:2    | Reached skill level 18 in Axes
 22645 | Orc:2    | Killed an orc warlord
 22655 | Orc:2    | Noticed Azrael
 22659 | Orc:2    | Killed Azrael
 22666 | Orc:2    | Received a gift from Trog
 22982 | Orc:2    | Noticed an orc warlord
 23026 | Orc:2    | Found Ceryih's Antique Armour Shop.
 23047 | Orc:2    | Found a staircase to the Elven Halls.
 23162 | Orc:2    | Killed an orc warlord
 23430 | Orc:2    | Found Siotzion's Antique Weapon Shop.
 23461 | Orc:2    | Received a gift from Trog
 23571 | Orc:2    | Found Opsyapah's Weapon Boutique.
 23571 | Orc:2    | Found Qaroukad's General Store.
 23771 | Orc:2    | Noticed Nessos
 23775 | Orc:2    | Noticed Nessos
 23775 | Orc:2    | Nessos changed into Nessos the sea snake
 23787 | Orc:2    | Killed Nessos the sea snake
 23850 | Orc:2    | Found Luki's Jewellery Boutique.
 23893 | Orc:2    | Bought a glowing plate armour for 468 gold pieces
 24013 | D:12     | You fall through a shaft for 3 floors!
 24013 | D:15     | Entered Level 15 of the Dungeon
 24119 | D:15     | Reached skill level 19 in Axes
 24231 | D:15     | Reached XP level 15. HP: 115/115 MP: 13/15
 24536 | D:14     | Noticed Kirke
 24548 | D:14     | Killed Kirke
 24617 | D:14     | Noticed Louise
 24632 | D:14     | Killed Louise
 25407 | D:13     | Found Burel's Assorted Antiques.
 25413 | D:13     | Bought a scroll labeled JACIS QIUNNEU for 30 gold pieces
 25487 | D:13     | Reached skill level 20 in Axes
 25515 | D:13     | Found Koehar's Food Boutique.
 25587 | D:13     | Found Gitaept's Armour Boutique.
 25720 | D:13     | Found Gaaro's Magic Scroll Boutique.
 25737 | D:13     | Bought a scroll of enchant armour for 105 gold pieces
 25778 | D:13     | Bought a scroll of magic mapping for 49 gold pieces
 25812 | D:13     | Found Zeas's Armour Shop.
 25817 | D:13     | Bought +2 gold dragon scales for 1380 gold pieces
 26332 | D:14     | Found a gate to the Vaults.
 26404 | D:14     | Received a gift from Trog
 27291 | D:15     | Found a staircase to the Depths.
 27661 | D:15     | Reached skill level 6 in Dodging
 27676 | D:15     | Reached skill level 6 in Armour
 28605 | D:15     | Reached XP level 16. HP: 124/124 MP: 16/16
 28927 | Swamp:1  | Entered Level 1 of the Swamp
 28969 | Swamp:1  | Received a gift from Trog
 29806 | Swamp:2  | Got a scorched battleaxe
 29807 | Swamp:2  | Identified the +7 battleaxe of Fyfudod {antimagic, Stlth+}
                  | (You found it on level 2 of the Swamp)
 29869 | Swamp:2  | Reached skill level 11 in Fighting
 29873 | Swamp:2  | Reached skill level 11 in Stealth
 30088 | Swamp:2  | Noticed Frances
 30100 | Swamp:2  | Killed Frances
 30216 | Swamp:2  | Reached skill level 7 in Dodging
 30236 | Swamp:2  | Received a gift from Trog
 30350 | Swamp:3  | Reached skill level 7 in Armour
 31454 | Snake:1  | Entered Level 1 of the Snake Pit
 31937 | Snake:1  | Received a gift from Trog
 32032 | Snake:1  | Gained mutation: You have a pair of large horns on your
                  | head. [demonic ancestry]
 32032 | Snake:1  | Reached XP level 17. HP: 133/133 MP: 10/17
 32038 | Snake:1  | Reached skill level 8 in Dodging
 32116 | Snake:1  | Reached skill level 8 in Armour
 32680 | Snake:2  | Identified Roxanne's Incunabulum of Stones
 32680 | Snake:2  | Noticed Roxanne
 32696 | Snake:2  | HP: 23/133 [shock serpent/bolt of electricity (28)]
 33032 | Snake:2  | Killed Roxanne
 33062 | Snake:2  | Reached skill level 1 in Evocations
 33127 | Snake:2  | Reached skill level 12 in Fighting
 33330 | Snake:2  | Reached skill level 12 in Stealth
 33546 | Snake:2  | Noticed Vashnia
 33556 | Snake:2  | Reached skill level 2 in Evocations
 33562 | Snake:2  | Killed Vashnia
 33580 | Snake:2  | Noticed Aizul
 33597 | Snake:2  | Killed Aizul
 33726 | Snake:2  | Received a gift from Trog
 33737 | Snake:2  | Reached skill level 3 in Evocations
 34883 | Snake:3  | Reached skill level 9 in Dodging
 34885 | Snake:3  | Reached skill level 9 in Armour
 35084 | Snake:3  | Got a translucent ring mail
 35110 | Snake:3  | Reached skill level 4 in Evocations
 35114 | Snake:3  | Received a gift from Trog
 35640 | Snake:4  | Entered Level 4 of the Snake Pit
 35761 | Snake:4  | Gained mutation: You are completely covered in slimy green
                  | scales. (AC +4, rPois) [demonic ancestry]
 35761 | Snake:4  | Reached XP level 18. HP: 131/142 MP: 13/21
 35998 | Snake:4  | Reached skill level 5 in Evocations
 36028 | Snake:4  | Reached skill level 21 in Axes
 36038 | Snake:4  | Cast into level 2 of the Abyss (naga warrior)
 36169 | Abyss:2  | Found a corrupted altar of Lugonu.
 36347 | Abyss:2  | Received a gift from Trog
 36356 | Snake:4  | Escaped the Abyss
 36669 | Snake:4  | Found a runed gate.
 36670 | Snake:4  | Found a runed gate.
 36670 | Snake:4  | Found a runed gate.
 36718 | Snake:4  | Reached skill level 13 in Stealth
 36969 | Snake:4  | Reached skill level 13 in Fighting
 37096 | Snake:4  | Reached skill level 6 in Evocations
 37266 | Snake:4  | Noticed Wosoitawn's ghost (adept DESu)
 37337 | Snake:4  | Received a gift from Trog
 37349 | Snake:4  | Reached skill level 10 in Armour
 37349 | Snake:4  | Reached skill level 10 in Dodging
 37422 | Snake:4  | Got a serpentine rune of Zot
 37947 | Snake:4  | Killed Wosoitawn's ghost
 38114 | Swamp:4  | Entered Level 4 of the Swamp
 38495 | Swamp:4  | Reached skill level 7 in Evocations
 38503 | Swamp:4  | Gained mutation: You are completely attuned to the shadows.
                  | [demonic ancestry]
 38503 | Swamp:4  | Reached XP level 19. HP: 116/150 MP: 15/24
 38521 | Swamp:4  | Received a gift from Trog
 38585 | Swamp:4  | Got a decaying rune of Zot
 39542 | Vaults:1 | Entered Level 1 of the Vaults
 39710 | Vaults:1 | Received a gift from Trog
 40063 | Vaults:1 | Reached skill level 8 in Evocations
 40181 | Vaults:1 | Reached skill level 14 in Stealth
 40217 | Vaults:1 | Noticed Nikola
 40219 | Vaults:1 | Reached skill level 11 in Armour
 40219 | Vaults:1 | Reached skill level 14 in Fighting
 40233 | Vaults:1 | Paralysed by a great orb of eyes for 3 turns
 40238 | Vaults:1 | Killed Nikola
 40271 | Vaults:1 | Received a gift from Trog
 40948 | Vaults:2 | Identified the +1 flail "Jonwiyka" {drain, rN+ Dex+5}
 41070 | Vaults:2 | Found a staircase to the Crypt.
 41334 | Vaults:2 | Reached skill level 9 in Evocations
 41541 | Vaults:2 | Reached XP level 20. HP: 142/160 MP: 21/26
 41671 | Vaults:2 | Received a gift from Trog
 43585 | Vaults:3 | Found a runed door.
 43859 | Vaults:3 | Noticed Geloitur's ghost (veteran SpEE)
 43878 | Vaults:3 | Killed Geloitur's ghost
 43977 | Vaults:4 | Received a gift from Trog
 44242 | Vaults:4 | Reached skill level 12 in Armour
 44245 | Vaults:4 | Reached skill level 10 in Evocations
 44444 | Vaults:4 | Reached skill level 15 in Stealth
 44515 | Vaults:4 | Reached skill level 15 in Fighting
 44631 | Vaults:4 | Received a gift from Trog
 44636 | Vaults:4 | Reached skill level 22 in Axes
 44678 | Vaults:4 | Noticed a shard shrike
 44678 | Vaults:4 | an iron giant changed into a shard shrike
 44687 | Vaults:4 | Killed a shard shrike
 45052 | Vaults:4 | Received a gift from Trog
 45080 | Vaults:4 | Reached XP level 21. HP: 169/169 MP: 23/28
 45805 | Depths:1 | Entered Level 1 of the Depths
 45923 | Depths:1 | Reached skill level 13 in Armour
 46116 | Depths:1 | Found a one-way gate to the infinite horrors of the Abyss.
 46121 | Depths:1 | Got a bloodstained robe
 46211 | Depths:1 | Reached skill level 16 in Fighting
 46225 | Depths:1 | HP: 39/171 [cyan very ugly thing (20)]
 46252 | Depths:1 | HP: 26/171 [cyan very ugly thing (17)]
 46257 | Depths:1 | HP: 36/171 [green very ugly thing (6)]
 46259 | Depths:1 | HP: 7/171 [cyan very ugly thing (23)]
 46278 | Depths:1 | HP: 41/171 [stone giant/large rock (12)]
 46291 | Depths:1 | Received a gift from Trog
 46738 | Depths:1 | Noticed a juggernaut
 46758 | Depths:1 | Killed a juggernaut
 47038 | Depths:1 | Found a gateway to Hell.
 47185 | Depths:2 | Found Egyips's Antique Armour Shoppe.
 47188 | Depths:2 | Bought a runed cloak for 180 gold pieces
 47245 | Depths:2 | Found Utiamaho's Gadget Shop.
 47435 | Depths:2 | Found Jaromum's Jewellery Shoppe.
 47580 | Depths:2 | Found a sparkling altar of Nemelex Xobeh.
 47697 | Depths:2 | Reached skill level 14 in Armour
 47735 | Depths:2 | Found an opulent altar of Gozag.
 47807 | Depths:2 | Found a deep blue altar of Sif Muna.
 48020 | Depths:2 | Gained mutation: You resist negative energy. (rN+) [demonic
                  | ancestry]
 48020 | Depths:2 | Reached XP level 22. HP: 180/180 MP: 27/29
 48065 | Depths:2 | Received a gift from Trog
 48089 | Depths:2 | Found a hide-covered altar of Uskayaw.
 48120 | Depths:2 | Reached skill level 17 in Fighting
 48219 | Depths:2 | Identified the +9 scimitar of the Apocalypse {slice, Str+2}
 48365 | Depths:2 | Found Ihorath's General Store.
 48366 | Depths:2 | Found Cuen's Jewellery Boutique.
 48367 | Depths:2 | Found Notid's Weapon Shop.
 48368 | Depths:2 | Found Efuptie's Assorted Antiques.
 48386 | Depths:2 | Bought the amulet "Sisoim Fuen" {Spirit rC+ Int-4 Stlth+}
                  | for 768 gold pieces
 48386 | Depths:2 | Bought the ring of Foc Imea {rElec Str-5 Int+3 Slay+5
                  | Stlth-} for 766 gold pieces
 48535 | Depths:2 | Reached skill level 23 in Axes
 48621 | Depths:2 | Gained mutation: Armour fits poorly on your strangely
                  | shaped body. [a shining eye]
 48884 | Depths:2 | Found Ugrouj's Magic Scroll Emporium.
 48920 | Depths:2 | Found a gateway to a ziggurat.
 49121 | Depths:2 | Found Zuvy's Magic Scroll Emporium.
 49183 | Depths:2 | Found Wyut's Gadget Shop.
 49379 | Depths:1 | Received a gift from Trog
 49647 | Depths:1 | Reached skill level 15 in Armour
 49733 | Depths:1 | Identified the +4 quarterstaff "Kusomily" {antimagic, Str+3
                  | SInv}
 50325 | Depths:3 | Noticed a juggernaut
 50331 | Depths:3 | Killed a juggernaut
 50332 | Depths:3 | Noticed a caustic shrike
 50337 | Depths:3 | Killed a caustic shrike
 50558 | Depths:3 | Received a gift from Trog
 50558 | Depths:3 | Reached skill level 18 in Fighting
 50606 | Depths:3 | Found a one-way gate leading to the halls of Pandemonium.
 50729 | Depths:3 | Reached XP level 23. HP: 190/190 MP: 27/30
 51637 | Depths:4 | Found a runed gate.
 51638 | Depths:4 | Found a runed gate.
 51638 | Depths:4 | Noticed an ancient lich
 51639 | Depths:4 | Found a runed gate.
 51664 | Depths:4 | Noticed an ancient lich
 51666 | Depths:4 | Noticed Mgcat's ghost (veteran HOGl)
 51681 | Depths:4 | Noticed Margery
 51691 | Depths:4 | Killed Margery
 51703 | Depths:4 | Reached skill level 11 in Dodging
 51752 | Depths:4 | Received a gift from Trog
 52331 | Depths:4 | Reached skill level 16 in Armour
 52705 | Depths:4 | Received a gift from Trog
 52960 | Depths:5 | Entered Level 5 of the Depths
 53487 | Depths:5 | Reached skill level 12 in Dodging
 53584 | Depths:5 | Received a gift from Trog
 53642 | Depths:5 | Found Yleghal's Food Emporium.
 53648 | Depths:5 | Gained mutation: You are somewhat able to resist unholy
                  | torments (1 in 2 success). [demonic ancestry]
 53648 | Depths:5 | Reached XP level 24. HP: 200/200 MP: 30/30
 53885 | Depths:5 | Reached skill level 19 in Fighting
 53905 | Depths:5 | Found a gate to the Realm of Zot.
 54105 | D:14     | Upgraded the game from 0.23-a0-619-g281719c to
                  | 0.23-a0-622-g59b4ea9
 54285 | Vaults:5 | Entered Level 5 of the Vaults
 54303 | Vaults:5 | Reached skill level 24 in Axes
 54440 | Vaults:5 | Received a gift from Trog
 54477 | Vaults:5 | Identified the +10 scimitar of Fecraath {protect, rC+
                  | Int+4}
 54509 | Vaults:5 | Reached skill level 17 in Armour
 54513 | Vaults:5 | Reached skill level 13 in Dodging
 54519 | Vaults:5 | Identified the amulet of Wu Jian's Whim {Gourm Fragile
                  | rPois Dex+5}
 54557 | Vaults:5 | Received a gift from Trog
 54845 | Vaults:5 | Got a spiked plate armour
 54846 | Vaults:5 | Identified the cursed +0 plate armour of Gutid {rC+ Regen+
                  | Dex-3} (You found it on level 5 of the Vaults)
 54859 | Vaults:5 | Got a silver rune of Zot
 55103 | Vaults:5 | Noticed an ancient lich
 55118 | Vaults:5 | Reached XP level 25. HP: 194/210 MP: 13/30
 55124 | Vaults:5 | Killed an ancient lich
 55201 | Vaults:5 | Found Baetet's Jewellery Boutique.
 55240 | Vaults:5 | Found Jecoatwudiw's Gadget Emporium.
 55373 | Vaults:5 | Reached skill level 20 in Fighting
 55541 | Vaults:5 | Noticed Mara
 55547 | Vaults:5 | Killed Mara
 56001 | Elf:1    | Entered Level 1 of the Elven Halls
 56866 | Elf:1    | Received a gift from Trog
 57321 | Elf:3    | Entered Level 3 of the Elven Halls
 57629 | Elf:2    | Found a huge runed gate.
 57629 | Elf:2    | Found a huge runed gate.
 57629 | Elf:2    | Found a huge runed gate.
 57629 | Elf:2    | Found a huge runed gate.
 57630 | Elf:2    | Found a huge runed gate.
 57682 | Elf:2    | Reached skill level 14 in Dodging
 58485 | Elf:3    | Received a gift from Trog
 58602 | Elf:3    | HP: 53/212 [???[a deep elf demonologist] (36)]
 58636 | Elf:3    | Received a gift from Trog
 59015 | Elf:3    | Reached skill level 18 in Armour
 59021 | Elf:3    | Identified the +8 spear of Tenacity {flame, Str+4 Int+2}
 59022 | Elf:3    | Identified the ring of Xolluesy {+Fly rElec rPois MP+9}
 59076 | Elf:3    | Found the +4 dagger "Morg" {pain, MR+ Int+5}
 59098 | Elf:3    | Got a pair of spiked boots
 59109 | Elf:3    | Identified the cursed +0 pair of boots "Hydus" {+Fly Str+4
                  | Stlth+} (You found it on level 3 of the Elven Halls)
 59117 | Elf:3    | Got a brightly glowing cloak
 59128 | Elf:3    | Identified the +2 cloak of Messe {*Slow rElec rC++ Int+4}
                  | (You found it on level 3 of the Elven Halls)
 59631 | Depths:2 | Bought a scroll of acquirement for 1144 gold pieces
 59876 | Orc:2    | Bought a cursed ring of fire for 330 gold pieces
 60192 | Vaults:5 | Bought a +2 ring of protection for 170 gold pieces
 60196 | Vaults:5 | Got an ancient diamond amulet
 60197 | Vaults:5 | Identified the amulet of Godwi {rElec Regen+} (You acquired
                  | it on level 5 of the Vaults)
 60478 | Depths:1 | Voluntarily entered the Abyss.
 60480 | Abyss:1  | Found a corrupted altar of Lugonu.
 60655 | Abyss:2  | Found a deep blue altar of Sif Muna.
 61041 | Abyss:2  | Found a corrupted altar of Lugonu.
 61563 | Abyss:3  | Received a gift from Trog
 61650 | Abyss:3  | Gained mutation: Your melee attacks may debilitate your
                  | foes. [demonic ancestry]
 61650 | Abyss:3  | Reached XP level 26. HP: 215/220 MP: 30/30
 61661 | Abyss:3  | Noticed an ancient lich
 61668 | Abyss:3  | Killed an ancient lich
 61668 | Abyss:3  | Reached skill level 16 in Stealth
 61813 | Abyss:3  | Reached skill level 25 in Axes
 62208 | Abyss:3  | Received a gift from Trog
 62426 | Abyss:3  | Reached skill level 15 in Dodging
 62448 | Abyss:3  | Received a gift from Trog
 62449 | Abyss:3  | Paralysed by accursed screaming for 1 turns
 62873 | Abyss:4  | Reached skill level 21 in Fighting
 62878 | Abyss:4  | Got an abyssal rune of Zot
 63199 | Abyss:4  | Received a gift from Trog
 63287 | Depths:1 | Escaped the Abyss
 63383 | Zot:1    | Entered Level 1 of the Realm of Zot
 65043 | Zot:1    | Reached skill level 17 in Stealth
 65054 | Zot:1    | Reached skill level 19 in Armour
 65287 | Zot:2    | Noticed an orb of fire
 65296 | Zot:2    | Gained mutation: Your magical capacity is low. (-10% MP)
                  | [an orb of fire]
 65300 | Zot:2    | Killed an orb of fire
 65300 | Zot:2    | Reached XP level 27. HP: 180/229 MP: 24/27
 65438 | Zot:2    | Received a gift from Trog
 66703 | Zot:3    | Found a shimmering altar of Xom.
 66885 | Zot:3    | Got a pitted bronze ring
 66886 | Zot:3    | Identified the ring of Fatigue {+Fly rPois} (You found it
                  | on level 3 of the Realm of Zot)
 67278 | Zot:4    | Reached skill level 22 in Fighting
 67299 | Zot:4    | Reached skill level 18 in Stealth
 67438 | Zot:4    | Received a gift from Trog
 68522 | Lair:5   | Found a staircase to the Slime Pits.
 68537 | Slime:1  | Entered Level 1 of the Pits of Slime
 68639 | Slime:5  | Entered Level 5 of the Pits of Slime
 68663 | Slime:5  | Gained mutation: You do not regenerate when monsters are
                  | visible. [a shining eye]
 68667 | Slime:5  | Lost mutation: Armour fits poorly on your strangely shaped
                  | body. [potion of mutation]
 68667 | Slime:5  | Lost mutation: You do not regenerate when monsters are
                  | visible. [potion of mutation]
 68667 | Slime:5  | Lost mutation: Your magical capacity is low. (-10% MP)
                  | [potion of mutation]
 68667 | Slime:5  | Gained mutation: You do not regenerate when monsters are
                  | visible. [potion of mutation]
 68667 | Slime:5  | Gained mutation: Scrolls take you a little longer to read.
                  | [potion of mutation]
 68667 | Slime:5  | Gained mutation: You have large cloven feet. [potion of
                  | mutation]
 68693 | Slime:5  | Noticed the Royal Jelly
 68714 | Slime:5  | Killed the Royal Jelly
 68714 | Slime:5  | Reached skill level 26 in Axes
 68741 | Slime:5  | Reached skill level 20 in Armour
 68866 | Slime:5  | Got a twisted cloak
 68873 | Slime:5  | Identified the -1 cloak of Light {rN+ rCorr Stlth-} (You
                  | found it on level 5 of the Pits of Slime)
 68911 | Slime:5  | Got a slimy rune of Zot
 68935 | Slime:5  | Got an ancient scale mail
 68962 | Slime:5  | Got an encrusted chain mail
 68981 | Slime:5  | Identified the +3 scale mail "Mykaqeime" {rElec rN+++ Str-3
                  | Dex-2} (You found it on level 5 of the Pits of Slime)
 68983 | Slime:5  | Identified the cursed +0 chain mail of Prudence {+Blink
                  | rElec} (You found it on level 5 of the Pits of Slime)
 69149 | Slime:5  | Received a gift from Trog
 69785 | Temple   | Entered the Ecumenical Temple
 69904 | Temple   | Fell from the grace of Trog
 69904 | Temple   | Became a worshipper of Makhleb the Destroyer
 72426 | Depths:1 | Identified Lizyjaul's Incunabulum of Hexes and
                  | Transformation
 72744 | Vaults:4 | Identified the Papyrus of Bewitchment
 73194 | Snake:2  | Learned a level 3 spell: Regeneration
 73201 | Snake:2  | Learned a level 6 spell: Deflect Missiles
 73208 | Snake:2  | Learned a level 6 spell: Invisibility
 73214 | Snake:2  | Learned a level 5 spell: Borgnjor's Vile Clutch
 73524 | Slime:2  | Reached * piety under Makhleb
 73528 | Slime:2  | Reached skill level 1 in Necromancy
 73530 | Slime:2  | Reached skill level 1 in Invocations
 73967 | Crypt:1  | Entered Level 1 of the Crypt
 74010 | Crypt:1  | Reached skill level 1 in Hexes
 74026 | Crypt:1  | Reached skill level 1 in Earth Magic
 74029 | Crypt:1  | Reached skill level 1 in Air Magic
 74031 | Crypt:1  | Reached skill level 1 in Spellcasting
 74031 | Crypt:1  | Reached skill level 1 in Charms
 74172 | Crypt:1  | Reached skill level 2 in Invocations
 74302 | Crypt:1  | Reached ** piety under Makhleb
 74307 | Crypt:1  | Reached skill level 2 in Necromancy
 74408 | Crypt:1  | Reached skill level 2 in Hexes
 74540 | Crypt:1  | HP: 56/233 [stone giant[the rage of Trog] (15)]
 74543 | Crypt:1  | HP: 9/233 [deep troll[the rage of Trog] (19)]
 75487 | Crypt:2  | Reached skill level 2 in Air Magic
 75492 | Crypt:2  | Reached skill level 2 in Charms
 75492 | Crypt:2  | Reached skill level 3 in Invocations
 75492 | Crypt:2  | Paralysed by Trog for 3 turns
 75514 | Crypt:2  | Reached skill level 2 in Earth Magic
 75567 | Crypt:2  | Reached skill level 2 in Spellcasting
 75628 | Crypt:2  | Reached *** piety under Makhleb
 76283 | Crypt:2  | Reached skill level 3 in Necromancy
 76746 | Crypt:3  | Entered Level 3 of the Crypt
 76783 | Crypt:3  | Reached skill level 3 in Hexes
 76793 | Crypt:3  | Reached skill level 4 in Invocations
 77041 | Crypt:3  | Reached skill level 3 in Air Magic
 77044 | Crypt:3  | Reached **** piety under Makhleb
 77098 | Crypt:3  | Reached skill level 3 in Charms
 77104 | Crypt:3  | Found an ancient bone altar of Kikubaaqudgha.
 77113 | Crypt:3  | Reached skill level 3 in Earth Magic
 77176 | Crypt:3  | Reached skill level 3 in Spellcasting
 77221 | Crypt:3  | Paralysed by Trog for 7 turns
 77303 | Crypt:3  | Reached skill level 4 in Necromancy
 77348 | Crypt:3  | Reached skill level 5 in Invocations
 77403 | Crypt:3  | Reached ***** piety under Makhleb
 77433 | Crypt:3  | Reached skill level 4 in Hexes
 77713 | Crypt:3  | Reached skill level 4 in Charms
 77730 | Crypt:3  | Noticed Jory
 77743 | Crypt:3  | Killed Jory
 77743 | Crypt:3  | Reached skill level 4 in Air Magic
 77748 | Crypt:3  | Found a staircase to the Tomb.
 78221 | Hell     | Entered the Vestibule of Hell
 78222 | Hell     | Noticed Geryon
 78223 | Hell     | Reached skill level 6 in Invocations
 78254 | Hell     | Killed Geryon
 78254 | Hell     | Reached skill level 7 in Invocations
 78288 | Hell     | Reached skill level 8 in Invocations
 78330 | Hell     | Found a gateway to the freezing wastes of Cocytus.
 78429 | Hell     | Reached skill level 9 in Invocations
 78648 | Hell     | Reached skill level 10 in Invocations
 78688 | Hell     | Found a gateway to the decaying netherworld of Tartarus.
 78746 | Hell     | Found a gateway to the ashen valley of Gehenna.
 78787 | Hell     | Reached skill level 11 in Invocations
 78862 | Hell     | Found a gateway to the Iron City of Dis.
 78950 | Coc:1    | Entered Level 1 of Cocytus
 79059 | Coc:1    | Reached skill level 12 in Invocations
 79099 | Coc:1    | Reached ****** piety under Makhleb
 79238 | Coc:1    | Reached skill level 13 in Invocations
 79471 | Coc:2    | Reached skill level 14 in Invocations
 79831 | Coc:2    | Reached skill level 15 in Invocations
 79890 | Coc:2    | Reached skill level 5 in Necromancy
 79894 | Coc:2    | Reached skill level 4 in Spellcasting
 79894 | Coc:2    | Reached skill level 4 in Earth Magic
 80153 | Coc:3    | Noticed an ancient lich
 80164 | Coc:3    | Killed an ancient lich
 80317 | Coc:3    | Reached skill level 5 in Hexes
 80394 | Coc:3    | Paralysed by Trog for 3 turns
 80626 | Coc:5    | Reached skill level 5 in Charms
 80626 | Coc:5    | Reached skill level 6 in Necromancy
 80648 | Coc:5    | Reached skill level 5 in Air Magic
 80666 | Coc:6    | Reached skill level 5 in Spellcasting
 80703 | Coc:6    | Reached skill level 5 in Earth Magic
 80718 | Coc:7    | Entered Level 7 of Cocytus
 80997 | Coc:7    | Reached skill level 6 in Hexes
 81023 | Coc:7    | Reached skill level 7 in Necromancy
 81123 | Coc:7    | Reached skill level 6 in Charms
 81124 | Coc:7    | Reached skill level 6 in Spellcasting
 81293 | Coc:7    | Noticed Antaeus
 81315 | Coc:7    | Killed Antaeus
 81315 | Coc:7    | Reached skill level 7 in Charms
 81315 | Coc:7    | Reached skill level 8 in Necromancy
 81333 | Coc:7    | Got an icy rune of Zot
 81443 | Coc:7    | Reached skill level 7 in Spellcasting
 81915 | Coc:7    | Reached skill level 9 in Necromancy
 82418 | Coc:7    | Reached skill level 8 in Spellcasting
 82418 | Coc:7    | Reached skill level 8 in Charms
 82421 | Coc:7    | Reached skill level 23 in Fighting
 82431 | Coc:7    | Reached skill level 10 in Necromancy
 82507 | Coc:7    | Identified the Tome of the Barnacle
 82578 | Coc:7    | Identified Sif Muna's Incunabulum of Icy Unholy Secrets
 82580 | Coc:7    | Identified the Grimoire of the Oath
 82701 | Geh:1    | Entered Level 1 of Gehenna
 82735 | Geh:1    | Reached skill level 6 in Air Magic
 82794 | Geh:1    | Reached skill level 6 in Earth Magic
 83363 | Geh:2    | Reached skill level 7 in Hexes
 83416 | Geh:2    | Reached skill level 9 in Charms
 83525 | Geh:3    | Reached skill level 9 in Spellcasting
 83858 | Geh:4    | You fall through a shaft!
 84041 | Geh:7    | Entered Level 7 of Gehenna
 84054 | Geh:7    | Reached skill level 7 in Air Magic
 84093 | Geh:7    | Reached skill level 7 in Earth Magic
 84158 | Geh:7    | Reached skill level 11 in Necromancy
 84314 | Geh:7    | Reached skill level 8 in Hexes
 84604 | Geh:7    | Noticed the Serpent of Hell
 84625 | Geh:7    | HP: 55/236 [iron dragon[the Serpent of Hell] (6)]
 84629 | Geh:7    | Killed the Serpent of Hell
 84644 | Geh:7    | HP: 58/236 [red devil/+0 trident (2)]
 84645 | Geh:7    | NikiYani: lol
 84649 | Geh:7    | NikiYani: hard
 84893 | Geh:7    | Reached skill level 8 in Air Magic
 84905 | Geh:7    | Reached skill level 10 in Spellcasting
 84954 | Geh:7    | Reached skill level 10 in Charms
 85072 | Geh:7    | Reached skill level 8 in Earth Magic
 85163 | Geh:7    | Identified the +4 halberd of Gozag's Fury {venom, Str+2
                  | SInv Stlth-}
 85175 | Geh:7    | Identified the amulet "Unipoat" {Harm *Drain rPois rC+
                  | Dex+7}
 85280 | Geh:7    | Was forgiven by Trog
 85396 | Geh:7    | Identified the +7 sceptre of Asmodeus
 85396 | Geh:7    | Noticed Asmodeus
 85400 | Geh:7    | Reached skill level 9 in Hexes
 85424 | Geh:7    | Killed Asmodeus
 85424 | Geh:7    | Reached skill level 12 in Necromancy
 85431 | Geh:7    | Got an obsidian rune of Zot
 85591 | Dis:1    | Entered Level 1 of the Iron City of Dis
 86344 | Dis:4    | Reached skill level 9 in Air Magic
 86471 | Dis:4    | Reached skill level 9 in Earth Magic
 86682 | Dis:6    | Reached skill level 10 in Hexes
 86820 | Dis:6    | Reached skill level 11 in Spellcasting
 86820 | Dis:6    | Reached skill level 11 in Charms
 87401 | Dis:7    | Entered Level 7 of the Iron City of Dis
 87601 | Dis:7    | Reached skill level 13 in Necromancy
 87909 | Dis:7    | Identified the amulet "Taefem" {Gourm rF- rC+ Dex+4}
 87988 | Dis:7    | Reached skill level 10 in Air Magic
 88012 | Dis:7    | Reached skill level 24 in Fighting
 88023 | Dis:7    | Reached skill level 10 in Earth Magic
 88068 | Dis:7    | Got a shimmering marble ring
 88071 | Dis:7    | Identified the ring "Ecetz" {*Tele rC- Dex+7} (You found it
                  | on level 7 of the Iron City of Dis)
 88522 | Dis:7    | Reached skill level 11 in Hexes
 88530 | Dis:7    | Gained mutation: You tend to lose your temper in combat. [a
                  | cacodemon]
 88539 | Dis:7    | Lost mutation: Scrolls take you a little longer to read.
                  | [potion of mutation]
 88539 | Dis:7    | Lost mutation: You do not regenerate when monsters are
                  | visible. [potion of mutation]
 88539 | Dis:7    | Lost mutation: You have large cloven feet. [potion of
                  | mutation]
 88539 | Dis:7    | Lost mutation: You tend to lose your temper in combat.
                  | [potion of mutation]
 88539 | Dis:7    | Gained mutation: Your spells are a little harder to cast,
                  | but a little more powerful. [potion of mutation]
 88539 | Dis:7    | Gained mutation: You have sharp toenails. [potion of
                  | mutation]
 88539 | Dis:7    | Gained mutation: Your mind is acute. (Int +2) [potion of
                  | mutation]
 89106 | Dis:7    | Reached skill level 12 in Spellcasting
 89107 | Dis:7    | Reached skill level 12 in Charms
 89304 | Dis:7    | Reached skill level 14 in Necromancy
 89582 | Dis:7    | Identified the +4 staff of Dispater
 89582 | Dis:7    | Noticed Dispater
 89601 | Dis:7    | Killed Dispater
 89601 | Dis:7    | Reached skill level 11 in Air Magic
 89601 | Dis:7    | Reached skill level 11 in Earth Magic
 89676 | Dis:7    | Got an iron rune of Zot
 89886 | Tar:1    | Entered Level 1 of Tartarus
 90225 | Tar:2    | Reached skill level 12 in Hexes
 90520 | Tar:7    | Entered Level 7 of Tartarus
 90990 | Tar:7    | Noticed Ereshkigal
 91006 | Tar:7    | Killed Ereshkigal
 91076 | Tar:7    | Identified Dispater's Compendium of Companions
 91081 | Tar:7    | Got a bone rune of Zot
 91086 | Tar:7    | Got a pitted executioner's axe
 91089 | Tar:7    | Got a warped plate armour
 91092 | Tar:7    | Identified the +8 executioner's axe "Utegu" {chop, +Blink
                  | rC+ Int+4 Stlth+} (You found it on level 7 of Tartarus)
 91093 | Tar:7    | Identified the +2 plate armour of Inviolability {rPois rC+
                  | Int-4} (You found it on level 7 of Tartarus)
 91117 | Tar:7    | Reached skill level 15 in Necromancy
 91126 | Tar:7    | Reached skill level 13 in Charms
 91174 | Tar:7    | Reached skill level 13 in Spellcasting
 91364 | Tar:7    | Reached skill level 12 in Air Magic
 91367 | Tar:7    | Reached skill level 12 in Earth Magic
 91378 | Tar:7    | Got a fine graven amulet
 91383 | Tar:7    | Identified the amulet "Gahusaac" {Inacc rN+ MR++ Int+4
                  | Dex-2} (You found it on level 7 of Tartarus)
 91668 | Tar:7    | Reached skill level 13 in Hexes
 92373 | Tar:7    | Got a clouded copper ring
 92374 | Tar:7    | Identified the ring "Wown" {*Tele Int+2} (You found it on
                  | level 7 of Tartarus)
 93547 | Pan      | Entered Pandemonium
 93711 | Pan      | Reached skill level 25 in Fighting
 93979 | Pan      | Found a glowing silver altar of Zin.
 94278 | Pan      | Reached skill level 16 in Necromancy
 95256 | Pan      | Identified the +2 large shield of Kistez {-Cast rC++ MR+++
                  | MP-9}
 95454 | Pan      | Reached skill level 13 in Air Magic
 95593 | Pan      | Reached skill level 14 in Charms
 95729 | Pan      | Identified the +3 buckler of the Thoughtful Nights {rPois
                  | Str+5 Dex-4 SInv}
 95796 | Pan      | Reached skill level 14 in Spellcasting
 95889 | Pan      | Reached skill level 13 in Earth Magic
 95990 | Pan      | Reached skill level 14 in Hexes
 96004 | Pan      | Reached skill level 19 in Stealth
 96006 | Pan      | Identified the +8 war axe of Fimbulwinter {chop, SInv}
 96021 | Pan      | Found a glowing golden altar of the Shining One.
 96060 | Pan      | Identified the +8 plate armour "Luep" {*Corrode rElec rPois
                  | Str+8}
 96060 | Pan      | Noticed a seraph
 96070 | Pan      | Killed a seraph
 96204 | Pan      | Got a heavily runed chain mail
 96206 | Pan      | Got a polished plate armour
 96208 | Pan      | Got a demonic rune of Zot
 96228 | Pan      | Identified the +6 chain mail of Kisooc {rN+} (You found it
                  | in Pandemonium)
 96229 | Pan      | Identified the +1 plate armour "Amuh" {-Tele +Inv rC+ Str+3
                  | Dex+3} (You found it in Pandemonium)
 96539 | Pan      | Noticed Anaoxu the pandemonium lord
 96549 | Pan      | Killed Anaoxu the pandemonium lord
 97390 | Pan      | Learned a level 6 spell: Death Channel
 97529 | Pan      | Noticed Pioleves the pandemonium lord
 97542 | Pan      | Killed Pioleves the pandemonium lord
 97711 | Pan      | Noticed Hisch the pandemonium lord
 97744 | Pan      | Killed Hisch the pandemonium lord
 97920 | Pan      | Entered the realm of Lom Lobon.
 98668 | Pan      | Noticed Lom Lobon
 98686 | Pan      | Killed Lom Lobon
 98711 | Pan      | Got a magical rune of Zot
 98987 | Pan      | Reached skill level 17 in Necromancy
 99038 | Pan      | Found an exit through the horrors of the Abyss.
 99075 | Pan      | Noticed Emuon the pandemonium lord
 99083 | Pan      | Reached skill level 21 in Armour
 99091 | Pan      | Killed Emuon the pandemonium lord
 99514 | Pan      | Reached skill level 16 in Dodging
 99617 | Pan      | Found a runed door.
 99627 | Pan      | Found a runed door.
 99639 | Pan      | Found a runed door.
 99652 | Pan      | Found a runed door.
100143 | Pan      | Noticed Plog the pandemonium lord
100146 | Pan      | Lost mutation: Your mind is acute. (Int +2) [a cacodemon]
100158 | Pan      | Killed Plog the pandemonium lord
100433 | Pan      | Reached skill level 14 in Air Magic
100437 | Pan      | Reached skill level 15 in Hexes
100927 | Pan      | Gained mutation: Your mind is acute. (Int +2) [a cacodemon]
100936 | Pan      | Reached skill level 14 in Earth Magic
100995 | Pan      | Gained mutation: You are frail. (-10% HP) [a cacodemon]
101148 | Pan      | Noticed Isetzan the pandemonium lord
101155 | Pan      | Reached skill level 15 in Charms
101163 | Pan      | Killed Isetzan the pandemonium lord
101346 | Pan      | Got a smoking steel ring
101347 | Pan      | Identified the ring "Zuug" {rCorr *Contam +Inv SInv Stlth+}
                  | (You found it in Pandemonium)
101539 | Pan      | Gained mutation: You are clumsy. (Dex -2) [a cacodemon]
101666 | Pan      | Reached skill level 15 in Spellcasting
101782 | Pan      | Found an exit through the horrors of the Abyss.
101899 | Pan      | Found a transporter.
101903 | Pan      | Identified the ring of Boekhlua {Str+6 SInv}
102126 | Pan      | Gained mutation: Your magical capacity is low. (-10% MP) [a
                  | neqoxec]
102322 | Pan      | Learned a level 8 spell: Controlled Blink
102356 | Pan      | Found a transporter.
102393 | Pan      | Reached skill level 1 in Translocations
102799 | Pan      | Noticed Pobuinuf the pandemonium lord
102813 | Pan      | Killed Pobuinuf the pandemonium lord
103012 | Pan      | Reached skill level 2 in Translocations
103184 | Pan      | Identified the cursed +1 halberd "Enauh" {drain, Int+2}
103560 | Pan      | Got a distressingly furry chain mail
103708 | Pan      | Noticed Piwne the pandemonium lord
103716 | Pan      | Killed Piwne the pandemonium lord
104047 | Pan      | Reached skill level 3 in Translocations
104247 | Pan      | Reached skill level 20 in Stealth
104661 | Pan      | Noticed Ceefrome the pandemonium lord
104666 | Pan      | Killed Ceefrome the pandemonium lord
104666 | Pan      | Gained mutation: You are very frail. (-20% HP) [a neqoxec]
104704 | Pan      | Entered the realm of Cerebov.
104973 | Pan      | Reached skill level 4 in Translocations
105158 | Pan      | Identified the +5 robe of the Vaults {rC+ rN++}
105267 | Pan      | Identified the +8 long sword of Ytuosmid {flame, rF+ Str+4
                  | Int+6}
105282 | Pan      | Identified the +10 halberd of Infinite Pain {chaos, rC+}
105437 | Pan      | Cast into level 2 of the Abyss (infernal warmonger)
105492 | Pan      | Escaped the Abyss
105616 | Pan      | Reached skill level 18 in Necromancy
105816 | Pan      | Identified the +6 sword of Cerebov {flame}
105816 | Pan      | Noticed Cerebov
105823 | Pan      | HP: 45/195 [Cerebov/iron shot (53)]
105825 | Pan      | Killed from afar by Cerebov

Vault maps used:
D:1:      lightli_arrival_windingriver
D:2:      lemuel_round_altar, minmay_strange_pillars
D:3:      nicolae_overflow_crystal_walls, kennysheep_okawaru_gauntlet
D:4:      gammafunk_steamed_eel, lemuel_crystal_altar, serial_forest,
          infiniplex_forest_lined_ring, infiniplex_forest_straight_3,
          infiniplex_forest_clump_tiny, infiniplex_forest_clump_cross,
          infiniplex_forest_lined_corner, infiniplex_forest_lined_corner,
          infiniplex_forest_lined_2, first_ration
D:5:      dancing_weapons_uskayaw, lemuel_temple_firewalk_b, fountainhead
D:6:      wad_woods_tower, kennysheep_ying_yang,
          grunt_temple_overflow_bloody_war, nemelex_xobeh_ov_fountains_minmay,
          kennysheep_generic_room_12, uniq_eustachio
D:7:      grunt_temple_overflow_cloverleaf, uniq_harold
D:9:      minmay_orc_entry_temple_small, serial_shops, shop, uniq_maurice
D:11:     erik_lair_orcish_takeover, serial_shops, nicolae_shop_window_shopping
D:13:     serial_shops, shop, kennysheep_mini_moat, nicolae_shop_stone,
          kennysheep_little_box, nicolae_shop_trees
D:14:     cheibrodos_quadrivalence, grunt_vaults_entry_fortified, uniq_louise,
          uniq_kirke
D:15:     grunt_enter_depths_hoard
Temple:   pf_slime_end_temple
Lair:1:   portal_ice_cave_entry_pillars_1, patterned_corridor,
          grunt_megastairs_1
Lair:2:   minmay_snake_entry_guardpost_small, disabler_island
Lair:3:   minmay_swamp_entry_reptiles, infiniplex_staircase_pool,
          grunt_megastairs_2, uniq_sonja
Lair:4:   uniq_nergalle, uniq_snorg
Lair:5:   slime_altar_2, eino_house_with_fridge, uniq_rupert
Lair:6:   due_jungle_book, lemuel_fruit_tree
Swamp:1:  nicolae_swamp_triple_paths
Swamp:2:  hangedman_swamp_pad, uniq_frances
Swamp:3:  nicolae_swamp_orc_logging_accident, infiniplex_staircase_pool_2
Swamp:4:  swamp_alternative, swamp_pool5
Snake:1:  nrook_loot_triangle
Snake:2:  nicolae_aizul_guard, serial_bayou_lagoon_a, uniq_roxanne, uniq_vashnia
Snake:4:  grunt_snake_rune_spirals, ebering_ghost_rock_garden,
          serial_bayou_shore_b
Slime:1:  nicolae_slime_barrier
Slime:3:  nicolae_slime_round_cave
Slime:4:  cheibrodos_slime_lost_civilization_7
Orc:2:    grunt_orc_gardens, grunt_orc_garden, grunt_orc_garden,
          grunt_orc_garden, grunt_orc_garden, serial_shops, shop_fountains,
          nicolae_orc_pool_cavern, uniq_nessos, uniq_azrael
Elf:1:    hangedman_corner_corridor
Elf:3:    minmay_elf_hall_circle, kb_rosetta
Vaults:1: v_misc_9, st_lattice, nicolae_vaults_windows_and_doors_thing,
          nicolae_vaults_network_square, v_alt_pattern_6,
          nicolae_vaults_little_squares_3, nicolae_vaults_rhombus_6,
          hangedman_vaults_stretched_pinwheel, vaults_mumra_lcd,
          vaults_mumra_chevron_long, v_misc_5, grunt_vaults_hallway_short,
          ontoclasm_vaults_pinch, v_misc_18, nicolae_vaults_theta,
          vaults_room_large_hall, uniq_nikola
Vaults:2: minmay_crypt_entry_simple_plaza, hangedman_vaults_trim, v_misc_10,
          ontoclasm_vaults_hangar, v_misc_27, nicolae_vaults_ring_of_whatevers,
          dpeg_vaults_monster_box
Vaults:3: ebering_vaults_ghost_reflecting_pool, nicolae_vaults_little_squares_3,
          hangedman_vaults_maws, vaults_room_hallway, ontoclasm_vaults_tryst,
          v_misc_28, dpeg_vaults_monster_row, hangedman_vaults_snaps, v_misc_23,
          nicolae_vaults_holding_cells, nicolae_vaults_little_squares_4,
          ontoclasm_vaults_fault, v_alt_pattern_4,
          nicolae_vaults_little_squares_6
Vaults:4: v_rooms_2, v_misc_12, vaults_standard_mumra_enter_the_diamond,
          st_lines, v_misc_29, ontoclasm_vaults_spin,
          nicolae_vaults_little_squares_2, v_misc_26, vaults_room_semicircle,
          v_alt_pattern_1, ontoclasm_vaults_loading_screen, vaults_dpeg_ring
Vaults:5: serial_shops, uniq_mara
Crypt:1:  minmay_strange_pillars, grunt_crypt_arrival_webbed
Crypt:2:  minmay_misc_feat_pillars, minivault_23, st_stairs_10
Crypt:3:  grunt_crypt_end_deaths_head
Depths:1: cheibrodos_poisonous_passages, lightli_too_deep,
          hangedman_abyss_entry_splay, minmay_stone_trees_medium, st_stairs_5,
          lemuel_nasty_fountain
Depths:2: hangedman_box_tower, enter_ziggurat_d, hell_entry, serial_shops, shop,
          nicolae_shop_crystal, nicolae_shop_waterfront, shop, kennysheep_mini,
          kennysheep_windowed_goal
Depths:3: minmay_dotted_concentric_squares, serial_bayou, serial_bayou_pond_a,
          serial_bayou_pond_b, serial_bayou_shore_b, serial_bayou_shore_b,
          pan_entry, abyss_entry, grunt_hell_entry_dis_mu,
          serial_sigils_hangedman_snap, infiniplex_staircase_star
Depths:4: mu_elephants_graveyard, nicolae_abyss_entry_one_way_or_another,
          pf_hell_entry_tar_river, grunt_pan_entry_in_and_out, nrook_campfire,
          gammafunk_ghost_necromancy, uniq_margery
Depths:5: evilmike_zot_entry_round, hangedman_coc_ice_floe, pan_entry,
          minmay_misc_feat_five, serial_shops, shop
Dis:3:    hangedman_dis_decor_blocks_mantle, nicolae_dis_lava_storage_tank,
          grunt_megastairs_3
Dis:7:    dis_st
Geh:4:    nicolae_geh_amphitheater, nicolae_geh_sunburst
Geh:7:    geh_grunt_pentagon
Coc:7:    coc_dpeg
Tar:4:    lemuel_nasty_pond
Tar:7:    tar_minmay_river
Zot:1:    grunt_ministairs_3, hangedman_zot_spectrum
Zot:2:    lemuel_baited_zot_trap
Zot:3:    basic_altar
Zot:4:    zot_minivault_4
Abyss:2:  minivault_19, due_exit_kobolds, evilmike_abyss_exit_15
Abyss:3:  evilmike_abyss_exit_16, bh_abyss_negative,
          grunt_abyss_rune_wretched_hive
Abyss:4:  evilmike_abyss_rune_tso_outpost, evilmike_abyss_exit_glass
Pan:      evilmike_holy_pan, grunt_pan_spiral, nicolae_pan_gloorx_vloqian_2,
          grunt_pan_in_and_out, pan_captured_pigsty, nicolae_pan_lom_lobonic_1,
          rand_demon_3, lom_lobon_st, evilmike_mini_pan_doors, rand_demon_7,
          lemuel_hall_of_pain, nicolae_pan_strange_glyphs, gammafunk_the_bubble,
          evilmike_mini_pan_possible_glass, nicolae_pan_mnolegish_3,
          nicolae_pan_sick_transit, evilmike_mini_pan_T, pan_blood_fountain,
          grunt_pan_pentagram, cerebov_grunt, pan_blood_fountain_small,
          nicolae_pan_gloorx_vloqian_1, reaverb_pan_chaos_star
IceCv:    ice_cave_caverns_01

Skill      XL: |  1  2  3  4  5  6  7  8  9 10 11 12 13 14 15 16 17 18 19 20 21 22 23 24 25 26 27 |
---------------+----------------------------------------------------------------------------------+-----
Axes           | 3 4 5 6 7 9 11 12 13 15 16 19 20 21 22 23 24 25 26 | 26.1
Fighting       | 4 5 6 9 10 11 12 13 14 15 16 18 19 20 21 25 | 25.9
Armour         | 2 4 5 6 7 9 10 11 12 14 15 16 17 18 19 21 | 21.5
Stealth        | 3 5 8 10 11 12 13 14 15 17 20 | 20.0
Dodging        | 4 5 6 7 9 10 12 13 14 15 16 | 16.7
Evocations     | 4 7 9 10 | 10.0
Necromancy     | 18 | 18.0
Invocations    | 15 | 15.0
Hexes          | 15 | 15.7
Earth Magic    | 14 | 14.6
Air Magic      | 14 | 14.7
Spellcasting   | 15 | 15.5
Charms         | 15 | 15.6
Translocations | 4 |  4.2

Action                   |  1- 3 |  4- 6 |  7- 9 | 10-12 | 13-15 | 16-18 | 19-21 | 22-24 | 25-27 || total
-------------------------+-------+-------+-------+-------+-------+-------+-------+-------+-------++-------
Melee: Hand axe          |    92 |   206 |   185 |       |       |       |       |       |       ||   483
       Headbutt          |       |    35 |    65 |   157 |   251 |   393 |   447 |   396 |  2233 ||  3977
       War axe           |       |       |    94 |   580 |       |       |       |       |       ||   674
       Battleaxe         |       |       |       |    81 |  1088 |  1571 |  1446 |  1247 |   408 ||  5841
       Executioner's axe |       |       |       |       |       |       |       |       |  6960 ||  6960
 Cast: Regeneration      |       |       |       |       |       |       |       |       |    44 ||    44
       Borgnjor's Vile C |       |       |       |       |       |       |       |       |    34 ||    34
Invok: Berserk           |     2 |     3 |     8 |    18 |    12 |     5 |     5 |     2 |     1 ||    56
       Trog's Hand       |       |       |     1 |       |     2 |       |       |     5 |     6 ||    14
       Brothers in Arms  |       |       |       |       |     5 |       |     2 |       |     7 ||    14
       Greater Servant o |       |       |       |       |       |       |       |       |    19 ||    19
       Minor Destruction |       |       |       |       |       |       |       |       |     2 ||     2
 Abil: Evoke Flight      |       |       |       |       |       |       |       |       |     9 ||     9
Evoke: Wand              |       |       |       |     4 |    23 |     1 |     4 |       |     5 ||    37
       Phial of floods   |       |       |       |       |     2 |       |       |       |       ||     2
       Phantom mirror    |       |       |       |       |       |       |       |       |     2 ||     2
       Horn of Geryon    |       |       |       |       |       |       |       |       |     1 ||     1
  Use: Scroll            |       |       |    15 |    14 |    18 |     5 |     7 |     7 |    43 ||   109
       Potion            |       |       |       |     2 |     5 |     2 |     3 |     5 |    24 ||    41
 Stab: Sleeping          |     1 |     4 |    10 |    20 |    33 |     1 |    36 |    15 |    82 ||   202
       Distracted        |       |       |       |     5 |     7 |       |     1 |     5 |    75 ||    93
       Confused          |       |       |       |       |       |     1 |     1 |       |     1 ||     3
  Eat: Chunk             |     3 |    14 |    13 |    31 |    50 |    19 |    34 |    20 |    48 ||   232
       Ration            |       |       |     2 |     4 |     1 |     6 |     1 |     2 |    54 ||    70
Armor: Scale mail        |    29 |   113 |   123 |   360 |   422 |       |       |       |       ||  1047
       Chain mail        |       |       |       |       |    77 |       |       |       |       ||    77
       Plate armour      |       |       |       |       |   213 |       |       |       |       ||   213
       Gold dragon scale |       |       |       |       |   176 |  1465 |  1120 |   952 |  5135 ||  8848
Dodge: Dodged            |    48 |   113 |   146 |   334 |   536 |   555 |   578 |   482 |  3856 ||  6648
       Deflected         |       |       |       |       |       |       |     6 |    31 |    65 ||   102

Table legend:
 A = Non-vault XP
 B = Vault XP
 C = Vault XP percentage of total XP
 D = Non-vault monster count
 E = Vault monster count
 F = Vault count percentage of total count
                 A         B        C        D         E       F
            +---------+---------+-------+---------+---------+-------
      Total | 2169364 | 1453125 |  40.1 |    3571 |    1420 |  28.5
            +---------+---------+-------+---------+---------+-------
        D:1 |      30 |       0 |   0.0 |      17 |       0 |   0.0
        D:2 |     102 |       0 |   0.0 |      26 |       0 |   0.0
        D:3 |     180 |       0 |   0.0 |      19 |       0 |   0.0
        D:4 |     210 |     110 |  34.4 |       7 |       2 |  22.2
        D:5 |     190 |       0 |   0.0 |       9 |       0 |   0.0
        D:6 |     237 |     287 |  54.8 |      11 |       8 |  42.1
        D:7 |     533 |     970 |  64.5 |      20 |       1 |   4.8
        D:8 |    1979 |       0 |   0.0 |      34 |       0 |   0.0
        D:9 |    2521 |     763 |  23.2 |      41 |      10 |  19.6
       D:10 |    3556 |       0 |   0.0 |      32 |       0 |   0.0
       D:11 |    6131 |     672 |   9.9 |      33 |      10 |  23.3
       D:12 |    2200 |       0 |   0.0 |      15 |       0 |   0.0
       D:13 |    9148 |       0 |   0.0 |      30 |       0 |   0.0
       D:14 |   10746 |   15446 |  59.0 |      23 |      22 |  48.9
       D:15 |   14899 |    2110 |  12.4 |      44 |       2 |   4.3
     Lair:1 |     697 |     105 |  13.1 |       3 |       1 |  25.0
     Lair:2 |    4726 |    2305 |  32.8 |      22 |       7 |  24.1
     Lair:3 |    6289 |    1343 |  17.6 |      24 |       6 |  20.0
     Lair:4 |    4431 |    1900 |  30.0 |      13 |       2 |  13.3
     Lair:5 |    3767 |    7697 |  67.1 |      16 |      15 |  48.4
     Lair:6 |   14507 |    2844 |  16.4 |      38 |       5 |  11.6
    Swamp:1 |    8587 |       0 |   0.0 |      25 |       0 |   0.0
    Swamp:2 |   15668 |    2283 |  12.7 |      44 |       1 |   2.2
    Swamp:3 |   18226 |       0 |   0.0 |      39 |       0 |   0.0
    Swamp:4 |   16962 |   15579 |  47.9 |      33 |      26 |  44.1
    Snake:1 |   24166 |       0 |   0.0 |      53 |       0 |   0.0
    Snake:2 |   22762 |   16735 |  42.4 |      46 |      13 |  22.0
    Snake:3 |   20633 |       0 |   0.0 |      36 |       0 |   0.0
    Snake:4 |   10506 |   59110 |  84.9 |      22 |      87 |  79.8
    Slime:2 |   14859 |       0 |   0.0 |      31 |       0 |   0.0
    Slime:3 |    1804 |       0 |   0.0 |       8 |       0 |   0.0
    Slime:4 |    1032 |       0 |   0.0 |       1 |       0 |   0.0
    Slime:5 |   22039 |   24314 |  52.5 |      38 |      13 |  25.5
      Orc:1 |    4244 |       0 |   0.0 |      57 |       0 |   0.0
      Orc:2 |    4696 |   12975 |  73.4 |      56 |      34 |  37.8
      Elf:1 |   17121 |    4453 |  20.6 |      26 |       8 |  23.5
      Elf:2 |   16609 |   23654 |  58.7 |      27 |      28 |  50.9
      Elf:3 |   15799 |   48314 |  75.4 |      25 |      40 |  61.5
   Vaults:1 |   26152 |   22108 |  45.8 |      54 |      31 |  36.5
   Vaults:2 |   29836 |   13345 |  30.9 |      68 |      23 |  25.3
   Vaults:3 |   10783 |   18010 |  62.5 |      27 |      24 |  47.1
   Vaults:4 |   48722 |   30097 |  38.2 |      70 |      44 |  38.6
   Vaults:5 |   49451 |  129724 |  72.4 |      75 |      94 |  55.6
    Crypt:1 |   29097 |       0 |   0.0 |      51 |       0 |   0.0
    Crypt:2 |   23647 |    2056 |   8.0 |      35 |       3 |   7.9
    Crypt:3 |       0 |   79115 | 100.0 |       0 |     123 | 100.0
   Depths:1 |   62910 |   25231 |  28.6 |      73 |      24 |  24.7
   Depths:2 |   39740 |   77069 |  66.0 |      56 |      64 |  53.3
   Depths:3 |   32657 |   33054 |  50.3 |      43 |      17 |  28.3
   Depths:4 |   45006 |   34120 |  43.1 |      48 |      30 |  38.5
   Depths:5 |   33069 |   15742 |  32.3 |      30 |      12 |  28.6
       Hell |   27294 |   16535 |  37.7 |      32 |      28 |  46.7
      Dis:1 |   35099 |       0 |   0.0 |      55 |       0 |   0.0
      Dis:3 |    2539 |       0 |   0.0 |       8 |       0 |   0.0
      Dis:4 |   22955 |       0 |   0.0 |      26 |       0 |   0.0
      Dis:5 |    4926 |       0 |   0.0 |       7 |       0 |   0.0
      Dis:6 |   45461 |       0 |   0.0 |      60 |       0 |   0.0
      Dis:7 |   95547 |  109444 |  53.4 |     122 |      76 |  38.4
      Geh:1 |   24346 |       0 |   0.0 |      59 |       0 |   0.0
      Geh:2 |   19411 |       0 |   0.0 |      41 |       0 |   0.0
      Geh:3 |   10098 |       0 |   0.0 |      19 |       0 |   0.0
      Geh:4 |    7029 |       0 |   0.0 |      29 |       0 |   0.0
      Geh:5 |    7294 |       0 |   0.0 |      19 |       0 |   0.0
      Geh:6 |    5161 |       0 |   0.0 |       9 |       0 |   0.0
      Geh:7 |   78627 |   67300 |  46.1 |     130 |      44 |  25.3
      Coc:1 |   20686 |       0 |   0.0 |      63 |       0 |   0.0
      Coc:2 |   40130 |       0 |   0.0 |      69 |       0 |   0.0
      Coc:3 |   23256 |       0 |   0.0 |      42 |       0 |   0.0
      Coc:4 |    2170 |       0 |   0.0 |       8 |       0 |   0.0
      Coc:5 |   11050 |       0 |   0.0 |      15 |       0 |   0.0
      Coc:6 |   13770 |       0 |   0.0 |      19 |       0 |   0.0
      Coc:7 |   81198 |   68480 |  45.8 |      90 |      31 |  25.6
      Tar:2 |   27087 |       0 |   0.0 |      55 |       0 |   0.0
      Tar:3 |    9029 |       0 |   0.0 |      16 |       0 |   0.0
      Tar:4 |      50 |       0 |   0.0 |       1 |       0 |   0.0
      Tar:6 |    5806 |       0 |   0.0 |       9 |       0 |   0.0
      Tar:7 |  151484 |   89063 |  37.0 |     145 |      72 |  33.2
      Zot:1 |   20006 |   52090 |  72.3 |      15 |      38 |  71.7
      Zot:2 |   48673 |       0 |   0.0 |      22 |       0 |   0.0
      Zot:3 |   53883 |       0 |   0.0 |      31 |       0 |   0.0
      Zot:4 |   27832 |   23755 |  46.0 |      11 |      12 |  52.2
    Abyss:2 |   14038 |       0 |   0.0 |      44 |       0 |   0.0
    Abyss:3 |  102142 |       0 |   0.0 |     155 |       0 |   0.0
    Abyss:4 |   22998 |    8929 |  28.0 |      41 |      21 |  33.9
        Pan |  354427 |  279840 |  44.1 |     430 |     215 |  33.3
      IceCv |       0 |   14049 | 100.0 |       0 |      53 | 100.0
            +---------+---------+-------+---------+---------+-------

Vault maps used:
D:1:      lightli_arrival_windingriver
D:2:      lemuel_round_altar, minmay_strange_pillars
D:3:      nicolae_overflow_crystal_walls, kennysheep_okawaru_gauntlet
D:4:      gammafunk_steamed_eel, lemuel_crystal_altar, serial_forest,
          infiniplex_forest_lined_ring, infiniplex_forest_straight_3,
          infiniplex_forest_clump_tiny, infiniplex_forest_clump_cross,
          infiniplex_forest_lined_corner, infiniplex_forest_lined_corner,
          infiniplex_forest_lined_2, first_ration
D:5:      dancing_weapons_uskayaw, lemuel_temple_firewalk_b, fountainhead
D:6:      wad_woods_tower, kennysheep_ying_yang,
          grunt_temple_overflow_bloody_war, nemelex_xobeh_ov_fountains_minmay,
          kennysheep_generic_room_12, uniq_eustachio
D:7:      grunt_temple_overflow_cloverleaf, uniq_harold
D:9:      minmay_orc_entry_temple_small, serial_shops, shop, uniq_maurice
D:11:     erik_lair_orcish_takeover, serial_shops, nicolae_shop_window_shopping
D:13:     serial_shops, shop, kennysheep_mini_moat, nicolae_shop_stone,
          kennysheep_little_box, nicolae_shop_trees
D:14:     cheibrodos_quadrivalence, grunt_vaults_entry_fortified, uniq_louise,
          uniq_kirke
D:15:     grunt_enter_depths_hoard
Temple:   pf_slime_end_temple
Lair:1:   portal_ice_cave_entry_pillars_1, patterned_corridor,
          grunt_megastairs_1
Lair:2:   minmay_snake_entry_guardpost_small, disabler_island
Lair:3:   minmay_swamp_entry_reptiles, infiniplex_staircase_pool,
          grunt_megastairs_2, uniq_sonja
Lair:4:   uniq_nergalle, uniq_snorg
Lair:5:   slime_altar_2, eino_house_with_fridge, uniq_rupert
Lair:6:   due_jungle_book, lemuel_fruit_tree
Swamp:1:  nicolae_swamp_triple_paths
Swamp:2:  hangedman_swamp_pad, uniq_frances
Swamp:3:  nicolae_swamp_orc_logging_accident, infiniplex_staircase_pool_2
Swamp:4:  swamp_alternative, swamp_pool5
Snake:1:  nrook_loot_triangle
Snake:2:  nicolae_aizul_guard, serial_bayou_lagoon_a, uniq_roxanne, uniq_vashnia
Snake:4:  grunt_snake_rune_spirals, ebering_ghost_rock_garden,
          serial_bayou_shore_b
Slime:1:  nicolae_slime_barrier
Slime:3:  nicolae_slime_round_cave
Slime:4:  cheibrodos_slime_lost_civilization_7
Orc:2:    grunt_orc_gardens, grunt_orc_garden, grunt_orc_garden,
          grunt_orc_garden, grunt_orc_garden, serial_shops, shop_fountains,
          nicolae_orc_pool_cavern, uniq_nessos, uniq_azrael
Elf:1:    hangedman_corner_corridor
Elf:3:    minmay_elf_hall_circle, kb_rosetta
Vaults:1: v_misc_9, st_lattice, nicolae_vaults_windows_and_doors_thing,
          nicolae_vaults_network_square, v_alt_pattern_6,
          nicolae_vaults_little_squares_3, nicolae_vaults_rhombus_6,
          hangedman_vaults_stretched_pinwheel, vaults_mumra_lcd,
          vaults_mumra_chevron_long, v_misc_5, grunt_vaults_hallway_short,
          ontoclasm_vaults_pinch, v_misc_18, nicolae_vaults_theta,
          vaults_room_large_hall, uniq_nikola
Vaults:2: minmay_crypt_entry_simple_plaza, hangedman_vaults_trim, v_misc_10,
          ontoclasm_vaults_hangar, v_misc_27, nicolae_vaults_ring_of_whatevers,
          dpeg_vaults_monster_box
Vaults:3: ebering_vaults_ghost_reflecting_pool, nicolae_vaults_little_squares_3,
          hangedman_vaults_maws, vaults_room_hallway, ontoclasm_vaults_tryst,
          v_misc_28, dpeg_vaults_monster_row, hangedman_vaults_snaps, v_misc_23,
          nicolae_vaults_holding_cells, nicolae_vaults_little_squares_4,
          ontoclasm_vaults_fault, v_alt_pattern_4,
          nicolae_vaults_little_squares_6
Vaults:4: v_rooms_2, v_misc_12, vaults_standard_mumra_enter_the_diamond,
          st_lines, v_misc_29, ontoclasm_vaults_spin,
          nicolae_vaults_little_squares_2, v_misc_26, vaults_room_semicircle,
          v_alt_pattern_1, ontoclasm_vaults_loading_screen, vaults_dpeg_ring
Vaults:5: serial_shops, uniq_mara
Crypt:1:  minmay_strange_pillars, grunt_crypt_arrival_webbed
Crypt:2:  minmay_misc_feat_pillars, minivault_23, st_stairs_10
Crypt:3:  grunt_crypt_end_deaths_head
Depths:1: cheibrodos_poisonous_passages, lightli_too_deep,
          hangedman_abyss_entry_splay, minmay_stone_trees_medium, st_stairs_5,
          lemuel_nasty_fountain
Depths:2: hangedman_box_tower, enter_ziggurat_d, hell_entry, serial_shops, shop,
          nicolae_shop_crystal, nicolae_shop_waterfront, shop, kennysheep_mini,
          kennysheep_windowed_goal
Depths:3: minmay_dotted_concentric_squares, serial_bayou, serial_bayou_pond_a,
          serial_bayou_pond_b, serial_bayou_shore_b, serial_bayou_shore_b,
          pan_entry, abyss_entry, grunt_hell_entry_dis_mu,
          serial_sigils_hangedman_snap, infiniplex_staircase_star
Depths:4: mu_elephants_graveyard, nicolae_abyss_entry_one_way_or_another,
          pf_hell_entry_tar_river, grunt_pan_entry_in_and_out, nrook_campfire,
          gammafunk_ghost_necromancy, uniq_margery
Depths:5: evilmike_zot_entry_round, hangedman_coc_ice_floe, pan_entry,
          minmay_misc_feat_five, serial_shops, shop
Dis:3:    hangedman_dis_decor_blocks_mantle, nicolae_dis_lava_storage_tank,
          grunt_megastairs_3
Dis:7:    dis_st
Geh:4:    nicolae_geh_amphitheater, nicolae_geh_sunburst
Geh:7:    geh_grunt_pentagon
Coc:7:    coc_dpeg
Tar:4:    lemuel_nasty_pond
Tar:7:    tar_minmay_river
Zot:1:    grunt_ministairs_3, hangedman_zot_spectrum
Zot:2:    lemuel_baited_zot_trap
Zot:3:    basic_altar
Zot:4:    zot_minivault_4
Abyss:2:  minivault_19, due_exit_kobolds, evilmike_abyss_exit_15
Abyss:3:  evilmike_abyss_exit_16, bh_abyss_negative,
          grunt_abyss_rune_wretched_hive
Abyss:4:  evilmike_abyss_rune_tso_outpost, evilmike_abyss_exit_glass
Pan:      evilmike_holy_pan, grunt_pan_spiral, nicolae_pan_gloorx_vloqian_2,
          grunt_pan_in_and_out, pan_captured_pigsty, nicolae_pan_lom_lobonic_1,
          rand_demon_3, lom_lobon_st, evilmike_mini_pan_doors, rand_demon_7,
          lemuel_hall_of_pain, nicolae_pan_strange_glyphs, gammafunk_the_bubble,
          evilmike_mini_pan_possible_glass, nicolae_pan_mnolegish_3,
          nicolae_pan_sick_transit, evilmike_mini_pan_T, pan_blood_fountain,
          grunt_pan_pentagram, cerebov_grunt, pan_blood_fountain_small,
          nicolae_pan_gloorx_vloqian_1, reaverb_pan_chaos_star
IceCv:    ice_cave_caverns_01

Table legend:
 A = Turns spent in this place as a percentage of turns spent in the entire game.
 B = Non-inter-level travel turns spent in this place as a percentage of non-inter-level travel turns spent in the entire game.
 C = Inter-level travel turns spent in this place as a percentage of turns spent in this place.
 D = Turns resting spent in this place as a percentage of non-inter-level travel turns spent in this place.
 E = Turns spent auto-exploring this place as a percentage of non-inter-level travel turns spent in this place.
 F = Non-inter-level travel turns spent in this place divided by the number of levels of this place that you've seen.
                   A       B       C       D       E      F
               +-------+-------+-------+-------+-------+----------------------
         Total | 100.0 | 100.0 |  11.4 |   9.1 |  64.1 | 884.0
       Dungeon |  20.8 |  18.2 |  22.5 |  18.5 |  64.2 | 1135.5
        Temple |   0.1 |   0.1 |  10.4 |   0.0 |  95.8 | 120.0
          Lair |   7.9 |   7.4 |  16.6 |  12.9 |  71.5 | 1155.5
         Swamp |   3.3 |   3.5 |   5.0 |   1.4 |  70.3 | 828.0
     Snake Pit |   6.1 |   6.5 |   5.1 |  11.5 |  63.6 | 1524.5
    Slime Pits |   1.1 |   1.1 |  15.9 |   9.7 |  46.3 | 198.2
  Orcish Mines |   1.9 |   1.8 |  18.7 |   9.7 |  56.3 | 831.5
   Elven Halls |   4.3 |   4.2 |  12.8 |   7.1 |  68.5 | 1313.0
        Vaults |   8.6 |   7.9 |  18.5 |   1.6 |  72.2 | 1482.0
         Crypt |   3.8 |   4.1 |   4.6 |  12.1 |  66.0 | 1272.3
        Depths |   8.9 |   8.4 |  15.9 |   8.2 |  63.1 | 1581.4
          Hell |   0.9 |   0.8 |  19.8 |   0.0 |  62.9 | 736.0
           Dis |   3.8 |   4.1 |   3.4 |   0.7 |  61.3 | 550.3
       Gehenna |   2.7 |   3.0 |   2.4 |   6.7 |  49.2 | 398.6
       Cocytus |   3.5 |   3.8 |   3.0 |  10.5 |  50.5 | 513.1
      Tartarus |   2.9 |   3.2 |   0.8 |   0.0 |  59.4 | 432.7
           Zot |   3.7 |   3.9 |   6.3 |   0.0 |  80.4 | 915.8
         Abyss |   3.0 |   3.4 |   0.0 |   2.4 |  62.8 | 530.3
   Pandemonium |  11.6 |  13.0 |   0.0 |   6.0 |  62.5 | 940.2
      Ice Cave |   1.3 |   1.5 |   0.0 |  41.6 |  32.0 | 1420.0
               +-------+-------+-------+-------+-------+----------------------

Table legend:
 A = Kills in this place as a percentage of kills in entire the game.
 B = Kills by you in this place as a percentage of kills by you in the entire game.
 C = Kills by friends in this place as a percentage of kills by friends in the entire game.
 D = Other kills in this place as a percentage of other kills in the entire game.
 E = Experience gained in this place as a percentage of experience gained in the entire game.
 F = Experience gained in this place divided by the number of levels of this place that you have seen.
                   A       B       C       D       E      F
               +-------+-------+-------+-------+-------+----------------------
         Total | 100.0 | 100.0 | 100.0 | 100.0 | 100.0 | 34174.4
       Dungeon |   8.3 |   8.4 |   4.0 |   0.0 |   2.0 | 4868.0
          Lair |   3.0 |   2.9 |  14.0 |   0.0 |   1.4 | 8435.2
         Swamp |   3.4 |   3.4 |   0.0 |   4.5 |   2.1 | 19326.2
     Snake Pit |   5.1 |   5.2 |   0.0 |  13.6 |   4.2 | 38478.0
    Slime Pits |   1.8 |   1.7 |  10.0 |   0.0 |   1.8 | 12809.6
  Orcish Mines |   2.9 |   2.6 |  36.0 |   4.5 |   0.6 | 10957.5
   Elven Halls |   3.1 |   3.1 |   0.0 |   4.5 |   3.5 | 41983.3
        Vaults |  10.2 |  10.2 |   0.0 |  27.3 |  10.4 | 75645.6
         Crypt |   4.2 |   4.3 |   0.0 |   0.0 |   3.7 | 44638.3
        Depths |   8.0 |   8.0 |   6.0 |   4.5 |  11.0 | 79719.6
          Hell |   1.2 |   1.2 |   0.0 |   0.0 |   1.2 | 43829.0
           Dis |   7.1 |   7.1 |   6.0 |   0.0 |   8.7 | 45138.7
       Gehenna |   7.0 |   7.0 |   6.0 |   9.1 |   6.1 | 31323.7
       Cocytus |   6.8 |   6.8 |   2.0 |   4.5 |   7.2 | 37248.6
      Tartarus |   6.0 |   5.9 |  12.0 |   0.0 |   7.8 | 40359.9
           Zot |   2.6 |   2.6 |   4.0 |   0.0 |   6.2 | 56559.8
         Abyss |   5.2 |   5.3 |   0.0 |   9.1 |   4.1 | 24684.5
   Pandemonium |  12.9 |  13.0 |   0.0 |  18.2 |  17.5 | 48789.8
      Ice Cave |   1.1 |   1.1 |   0.0 |   0.0 |   0.4 | 14049.0
               +-------+-------+-------+-------+-------+----------------------
